Cogmind - Beta 12 X2 @@@ ROGUE MODE // 2022.09.22 @ 22:03:44 Player: Momo Result: Establishing Free Derelict Territories! Performance ------------- Evolutions (9) 4500 Regions Visited (34) 6800 Robots Destroyed (398) 1990 Value Destroyed (18568) 18568 Prototype IDs (90) 1800 Alien Tech Used (16) 3200 Bonus (43138) 43138 TOTAL SCORE: 79996 Bonus ------- High Alert Combat Kills 2753 Follower Combat Kills 2233 Network Hubs Disabled 400 Met Imprinter 300 Met Zhirov 300 Met Warlord at Base 500 MAIN.C Attacked Warlord 500 Built Enhanced Grunts 300 A7 Reached Mainframe 300 Met R17 at Cetus 500 Hacked Protovariant 1000 Met R17 at Research 2000 Met Warlord at Research 2000 Invited to Help at Command 2000 Scanned by Researcher 500 Acquired SGEMP 2000 Delivered SGEMP 2000 Destroyed MAIN.C Guards 500 Met MAIN.C 5000 Hacked MAIN.C 300 Destroyed MAIN.C Shell 5000 Destroyed MAIN.C 10000 Met Warlord at Command 2000 Win 3000 Friendly Fire -2248 Cogmind --------- Core Integrity 1230/1850 Matter 179/300 Energy 31/1002 System Corruption 0% Temperature Warm (153) Movement Hovering (293) Ox2 Location Free Derelict Territories Parts ------- > --- POWER (2) -------- Antimatter-Quantum Reactor > --- PROPULSION (4) --- Hovering Siege-Biometal Exoskeleton > --- UTILITY (11) ----- Armored Scrap Engine Huge Storage Unit Spectral Analyzer Experimental Targeting Computer Experimental Targeting Computer Advanced Phase Shifter SHELL Armor Advanced Force Field > --- WEAPON (8) ------- Advanced Remote Datajack High-powered Directed Nova Construct/G High-powered Electro Construct/C > --- INVENTORY (25) --- Biometal Leg Experimental Coolant Injector Advanced Particle Charger Advanced Weapon Cycler Advanced Transmission Jammer Improved Cloaking Device Phase Armor Graphene Brace Energy Mantle Phase Redirector Antimissile System Experimental Field Recycling Unit (113) Transdimensional Reconstructor High-powered Transdimensional Reconstructor Terrabomb Terrabomb Spacefold Activator Microwarp Drive Gamma Bomb Array Advanced Remote Datajack Peak State ------------ > --- POWER ------------ Antimatter-Quantum Reactor > --- PROPULSION ------- Hovering Siege-Biometal Exoskeleton > --- UTILITY ---------- Armored Scrap Engine Huge Storage Unit Advanced Signal Interpreter Experimental Targeting Computer Phase Armor System Mapper Core Physics Calibrator Spacefold Activator > --- WEAPON ----------- Thermal Gamma Construct/C High-powered Directed Nova Construct/G High-powered Electro Construct/C Energy Nova Construct/C High-powered Kinetic Gauss Construct/C > --- INVENTORY -------- Experimental Coolant Injector Spectral Analyzer Experimental Sensor Array Experimental Targeting Computer Weapon Mount Advanced Particle Charger Advanced Weapon Cycler Advanced Transmission Jammer Improved Cloaking Device SHELL Armor Graphene Brace Energy Mantle Phase Redirector Experimental Field Recycling Unit Transdimensional Reconstructor High-powered Transdimensional Reconstructor Terrabomb Terrabomb Microwarp Drive Hellfire Missile Launcher SGEMP Prototype [Rating: 237] Favorites ----------- Power Antimatter-Quantum Reactor Engine Light Angular Momentum Engine Power Core Nuclear Core Reactor Antimatter-Quantum Reactor Propulsion Hovering Siege-Biometal Exoskeleton Treads Light Treads Leg Biometal Leg Hover Unit Hovering Siege-Biometal Exoskeleton Flight Unit Xenon Bombardment Thruster Utility Armored Scrap Engine Device Armored Scrap Engine Storage High-capacity Storage Unit Processor Experimental Targeting Computer Hackware System Mapper Protection Centrium Medium Armor Plating Artifact Core Physics Calibrator Weapon High-powered Kinetic Gauss Construct/C Energy Gun High-powered Directed Nova Construct/G Energy Cannon Energy Nova Construct/C Ballistic Gun Assault Rifle Ballistic Cannon High-powered Kinetic Gauss Construct/C Launcher Vortex Catalyst Activator Special Weapon Advanced Remote Datajack Impact Weapon Makeshift Hammer Piercing Weapon Vortex Lance Special Melee Weapon Dirty Datajack Build | -11 -10 -10 -9 -9 -9 -8 -8 -7 -7 -7 -7 -6 -6 -6 -6 -6 -6 -5 -5 -5 -5 -4 -4 -4 -4 -4 -3 -3 -3 -2 -2 -2 -1 -1 ------- Run | Scr Mat Min Mat Min Exi Min Mat Fac Low Low Zio Pro Fac Ext Cet Arc Hub Fac Upp Upp War Pro Fac Upp Upp Zhi Pro Res Tes Res Qua Sec Acc Com Slots Evolved 18 | . . . 2 . . . 2 2 . . . . 2 . . . . 2 . . . . 2 . . . . 2 . 2 . . 2 . Power 1 | . . . . . . . . . . . . . . . . . . 1 . . . . . . . . . . . 1 . . -1 . Propulsion 2 | . . . 1 . . . 1 . . . . . . . . . . . . . . . . . . . . 1 . . . . -1 . Utility 9 | . . . 1 . . . 1 2 . . . . . . . . . 1 . . . . 1 . . . . 1 . 1 . . 1 . Weapon 6 | . . . . . . . . . . . . . 2 . . . . . . . . . 1 . . . . . . . . . 3 . Parts Attached 283 | 3 1 5 5 6 . 3 17 20 3 . 2 . 10 5 1 . 10 11 10 7 4 1 14 5 3 2 2 8 28 11 17 42 7 20 Power 5 | . . 1 . 1 . . 2 . . . . . . . . . . . 1 . . . . . . . . . . . . . . . Engine 2 | . . . . 1 . . 1 . . . . . . . . . . . . . . . . . . . . . . . . . . . Core 2 | . . 1 . . . . 1 . . . . . . . . . . . . . . . . . . . . . . . . . . . Reactor 1 | . . . . . . . . . . . . . . . . . . . 1 . . . . . . . . . . . . . . . Propulsion 21 | 2 . . 1 4 . . 5 5 . . . . . . . . . . . . . . . . . . . 1 . . . . . 3 Treads 6 | 2 . . . 3 . . 1 . . . . . . . . . . . . . . . . . . . . . . . . . . . Leg 7 | . . . 1 1 . . 2 . . . . . . . . . . . . . . . . . . . . . . . . . . 3 Wheel . | . . . . . . . . . . . . . . . . . . . . . . . . . . . . . . . . . . . Hover 6 | . . . . . . . 2 3 . . . . . . . . . . . . . . . . . . . 1 . . . . . . Flight 2 | . . . . . . . . 2 . . . . . . . . . . . . . . . . . . . . . . . . . . Utility 221 | . 1 2 1 1 . 2 3 11 3 . 2 . 9 5 1 . 10 8 8 6 3 1 9 4 2 1 2 6 28 11 17 42 7 15 Device 166 | . 1 . 1 . . 2 1 6 2 . 2 . 7 4 . . 2 7 5 5 2 1 7 3 2 1 2 3 26 9 15 33 5 12 Storage 6 | . . 1 . 1 . . . . . . . . . . . . 1 . . . . . . . . . . 1 2 . . . . . Processor 8 | . . . . . . . . 1 1 . . . . . . . . . . . . . 1 . . . . 1 . 2 . . . 2 Hackware 7 | . . . . . . . . 1 . . . . . 1 . . 3 . . . . . 1 . . . . 1 . . . . . . Protection 21 | . . 1 . . . . 2 3 . . . . 2 . 1 . 4 1 3 1 1 . . 1 . . . . . . . . . 1 Artifact 13 | . . . . . . . . . . . . . . . . . . . . . . . . . . . . . . . 2 9 2 . Weapon 36 | 1 . 2 3 . . 1 7 4 . . . . 1 . . . . 3 1 1 1 . 5 1 1 1 . 1 . . . . . 2 Energy Gun 6 | . . 1 1 . . . 4 . . . . . . . . . . . . . . . . . . . . . . . . . . . Energy Cannon 3 | . . 1 1 . . . . . . . . . . . . . . . . 1 . . . . . . . . . . . . . . Ballistic Gun 3 | 1 . . . . . 1 . . . . . . . . . . . . . . . . . . . . . 1 . . . . . . Ballistic Cannon 3 | . . . . . . . . 2 . . . . . . . . . . . . . . 1 . . . . . . . . . . . Launcher 12 | . . . 1 . . . 3 1 . . . . . . . . . 2 1 . 1 . 2 . . . . . . . . . . 1 Special Weapon 1 | . . . . . . . . . . . . . . . . . . . . . . . . . . . . . . . . . . 1 Impact Weapon 4 | . . . . . . . . 1 . . . . 1 . . . . 1 . . . . 1 . . . . . . . . . . . Slashing Weapon . | . . . . . . . . . . . . . . . . . . . . . . . . . . . . . . . . . . . Piercing Weapon 1 | . . . . . . . . . . . . . . . . . . . . . . . 1 . . . . . . . . . . . Special Melee Weapon 3 | . . . . . . . . . . . . . . . . . . . . . . . . 1 1 1 . . . . . . . . Unidentified Prototypes 40 | . . . . . . . 1 1 . . 1 . 1 . 1 . . 1 . . 3 . 3 . . 1 . 1 4 4 2 15 . 1 Parts Lost 49 | . . . 1 5 . 1 3 5 1 . . . 1 1 1 . 6 3 1 2 . . 2 2 . . . . 2 2 . 2 2 6 Power 2 | . . . . 1 . . 1 . . . . . . . . . . . . . . . . . . . . . . . . . . . Propulsion 9 | . . . . 3 . . . 3 . . . . . . . . 3 . . . . . . . . . . . . . . . . . Utility 14 | . . . . 1 . 1 2 2 1 . . . 1 . 1 . . . 1 . . . 1 . . . . . . . . 1 1 1 Weapon 23 | . . . 1 . . . . . . . . . . 1 . . 3 3 . 2 . . 1 2 . . . . 1 2 . 1 1 5 Highest Loss Streak 5 | . . . 1 2 . 1 2 2 1 . . . 1 1 1 . 4 2 1 1 . . 2 1 . . . . 1 1 . 1 2 5 To Critical Strikes 1 | . . . . . . . . . . . . . . . . . . . . . . . . . . . . . 1 . . . . . Average Slot Usage (%) 72 | . 54 97 97 94 88 90 93 73 68 68 69 69 71 73 73 73 72 62 65 65 61 58 62 71 66 69 73 68 70 68 69 67 61 61 Engine 1 | . . . . 11 11 11 7 2 7 1 . . 1 3 2 . . . . . . . . . . . . . . . . . . . Core 2 | . . 13 11 . . . 1 4 . 5 7 7 4 2 3 6 4 . . . . . . . . . . . . . . . . . Reactor 2 | . . . . . . . . . . . . . . . . . 1 5 9 11 9 5 5 5 5 5 5 4 3 4 4 4 3 4 Treads 6 | . 28 28 22 29 33 33 22 1 . . . . 3 1 6 6 4 . . 5 5 5 1 . . . . 1 . . . . . . Leg 1 | . . . 8 . . . 1 . 6 7 7 7 . . . . 1 5 4 . . . . . . . . . . . 2 3 3 4 Hover 1 | . . . . . . . 9 8 . . . . . 2 . . . . . . . . . . . . . . . . . . . . Flight 1 | . . . . . . . . 4 . . . . 1 2 . . . . . . . . 3 5 5 5 5 2 3 3 1 . . 2 Device 16 | . 11 . 10 8 . 4 20 14 21 23 23 23 18 23 22 20 10 23 24 24 27 23 21 19 25 26 26 19 18 17 16 14 12 11 Storage 6 | . . 13 11 11 11 11 9 7 7 7 7 7 6 6 6 6 6 5 5 5 5 5 5 5 5 5 5 4 4 4 4 4 4 4 Processor 3 | . . . . . . . . 2 6 7 7 7 2 . . . . . . . . . . . . . . 3 4 8 13 10 8 8 Hackware 3 | . . . . . . . . 5 . . . . . 2 . . 10 . . . . . 4 5 5 5 5 8 9 7 4 4 4 3 Protection 4 | . . 13 11 11 11 8 3 6 . . . . 5 . 3 6 4 3 3 3 1 5 5 6 . . . . . . . . . 3 Energy Gun 7 | . . 2 19 22 22 15 10 4 10 7 7 9 17 15 11 13 13 2 . . . . 1 5 5 5 5 4 6 6 4 3 6 5 Energy Cannon 4 | . . 13 2 . . . . 1 . . . . . 6 2 6 6 1 4 5 5 5 5 4 . . . 5 15 7 4 4 12 10 Ballistic Gun 2 | . 14 11 . . . 6 4 3 3 6 7 2 . 1 11 6 5 3 . . . . . . . . . . . 2 8 8 . . Ballistic Cannon 1 | . . . . . . . . 2 . . . 2 6 1 . . . . . . . . 3 4 . . . 2 . 3 4 3 . . Launcher 1 | . . . . . . . 3 . . . . . . . . . . 5 8 6 3 5 3 . . . . . . . . . . 1 Naked Turns . | . . . . . . . . . . . . . . . . . . . . . . . . . . . . . . . . . . . Heaviest Build 214 | 2 3 26 27 63 62 62 60 70 64 62 62 62 100 99 87 87 95 87 111 115 119 104 107 93 79 72 72 151 166 191 194 205 178 214 Greatest Support 350 | 20 3 40 40 63 63 63 83 50 76 67 76 76 125 121 185 185 193 193 217 217 217 217 217 169 169 169 169 217 217 198 210 350 60 139 Greatest Overweight (x) 9 | . . . . 9 . . 3 7 1 . . . 1 . . . 1 . . . . . . . . . . . . 1 1 . 5 3 Average Overweight (x) . | . . . . . . . . 1 . . . . . . . . . . . . . . . . . . . . . . . . 2 2 Largest Inventory Capacity 25 | 5 5 8 8 20 20 20 20 20 20 20 20 20 20 20 20 20 20 20 20 20 20 20 20 20 20 20 20 25 25 25 25 25 25 25 Average Capacity 20 | 5 5 7 8 13 20 20 20 20 20 20 20 20 20 20 20 20 20 20 20 20 20 20 20 20 20 20 20 20 25 25 25 25 25 25 Most Carried 25 | 2 2 6 8 15 20 20 20 20 20 19 20 20 20 20 20 20 20 20 20 20 20 20 20 20 20 20 20 21 25 25 25 25 25 24 Average Carried 18 | 1 2 5 7 11 17 20 19 17 19 19 19 20 19 19 19 19 19 18 19 18 19 19 19 19 19 19 20 19 24 24 24 24 21 20 Final Capacity 25 | 5 5 8 8 20 20 20 20 20 20 20 20 20 20 20 20 20 20 20 20 20 20 20 20 20 20 20 20 25 25 25 25 25 25 25 Final Carried 25 | 2 2 6 8 15 20 20 20 20 19 19 20 20 20 20 20 20 19 19 19 20 20 20 20 20 20 20 20 21 25 24 25 25 20 22 Class Distribution -------------------- 36% | Construct 14% | Mutant 11% | Hacker-Construct 10% | Generator-Construct 10% | Scavenger-Mutant 7% | Hacker-Mutant 5% | Hacker-Gunner Dominant Class ---------------- Mutant | -10/Materials Mutant | -10/Mines Mutant | -9/Materials Scavenger-Mutant | -9/Mines Scavenger-Mutant | -9/Exiles Scavenger-Mutant | -8/Mines Scavenger-Mutant | -8/Materials Construct | -7/Factory Construct | -7/Lower Caves Construct | -7/Lower Caves Construct | -7/Zion Construct | -6/Proximity Caves Construct | -6/Factory Construct | -6/Extension Commander-Construct | -6/Cetus Commander-Construct | -6/Archives Construct | -6/Hub_04(d) Construct | -5/Factory Construct | -5/Upper Caves Construct | -5/Upper Caves Construct | -5/Warlord Construct | -4/Proximity Caves Hacker-Construct | -4/Factory Hacker-Construct | -4/Upper Caves Hacker-Mutant | -4/Upper Caves Hacker-Mutant | -4/Zhirov Hacker-Mutant | -3/Proximity Caves Hacker-Construct | -3/Research Hacker-Construct | -3/Testing Generator-Construct | -2/Research Generator-Construct | -2/Quarantine Generator-Construct | -2/Section 7 Hacker-Skirmisher | -1/Access Hacker-Gunner | -1/Command Resources | -11 -10 -10 -9 -9 -9 -8 -8 -7 -7 -7 -7 -6 -6 -6 -6 -6 -6 -5 -5 -5 -5 -4 -4 -4 -4 -4 -3 -3 -3 -2 -2 -2 -1 -1 ----------- Run | Scr Mat Min Mat Min Exi Min Mat Fac Low Low Zio Pro Fac Ext Cet Arc Hub Fac Upp Upp War Pro Fac Upp Upp Zhi Pro Res Tes Res Qua Sec Acc Com Matter Collected 7023 | 230 . 108 55 55 . 50 295 1036 66 140 37 28 673 417 48 12 166 37 587 138 69 10 141 165 30 . 27 180 623 352 175 430 163 480 Remotely . | . . . . . . . . . . . . . . . . . . . . . . . . . . . . . . . . . . . Salvage Created 18178 | . 21 64 642 406 . 109 673 1999 158 201 . 123 1274 2242 125 . 1256 171 545 343 . . 352 508 . . . 577 727 1951 113 800 161 2637 Parts 864 | . 3 . 33 17 . 11 60 116 7 4 . 6 49 73 9 . 61 19 20 14 . . 17 9 . . . 33 33 65 11 53 6 135 Haulers Intercepted 16 | . . . . . . . 1 4 . . . . 1 1 . . . . . . . . . . . . . 2 2 3 . 2 . . Recyclers Shooed 11 | . 1 . . 1 . . 1 4 . . . . . 1 . . . . . . . . 2 . . . . 1 . . . . . . Parts Field Recycled 21 | . . . . . . . . . . . . . 9 . . . . . . . . . . . . . . . . 12 . . . . Retrieved Matter 466 | . . . . . . . . . . . . . 106 . . . . . . . . . . . . . . . . 360 . . . . Parts Self-Destructed 56 | . . . . . . . . . 2 7 . 5 . . . . . . 14 15 . . . 6 7 . . . . . . . . . Prevented 9 | . . . . . . . . . 3 1 . . . . . . . . . . . . . 4 1 . . . . . . . . . Kills | -11 -10 -10 -9 -9 -9 -8 -8 -7 -7 -7 -7 -6 -6 -6 -6 -6 -6 -5 -5 -5 -5 -4 -4 -4 -4 -4 -3 -3 -3 -2 -2 -2 -1 -1 ------- Run | Scr Mat Min Mat Min Exi Min Mat Fac Low Low Zio Pro Fac Ext Cet Arc Hub Fac Upp Upp War Pro Fac Upp Upp Zhi Pro Res Tes Res Qua Sec Acc Com Combat Hostiles Destroyed 295 | . . 5 11 10 . 3 20 28 3 5 . 2 20 20 2 . 12 10 16 9 . . 13 6 . . . 5 10 23 2 9 3 48 Melee 3 | . . . . . . . . . . . . . . . . . . . . . . . . 1 . . . 2 . . . . . . Guns 121 | . . 3 10 7 . 3 11 14 3 4 . 2 7 6 2 . 6 5 . . . . . 1 . . . 1 . 15 1 8 1 11 Cannons 107 | . . 2 . . . . . 11 . . . . 13 12 . . 4 . 4 7 . . 6 2 . . . 2 8 5 1 1 2 27 AOE 42 | . . . 1 3 . . 9 2 . . . . . . . . 1 5 12 2 . . 7 . . . . . . . . . . . Classes Destroyed 24 | . 1 2 7 1 . 1 3 1 . . . . . . . . 1 . . . . . . . . . . . 3 4 . . . . Worker 27 | . . . 1 . . . 2 7 . . . . 1 . . . 5 2 . . . . 1 . . . . 1 1 . . . . 6 Builder 15 | . . . . . . . 5 2 . . . . 1 . . . 1 . . . . . 4 . . . . . 1 . . 1 . . Tunneler 3 | . . . . . . 1 1 . . . . . . 1 . . . . . . . . . . . . . . . . . . . . Hauler 16 | . . . . . . . 1 4 . . . . 1 1 . . . . . . . . . . . . . 2 2 3 . 2 . . Recycler 19 | . . . 1 2 . . . 8 . . . . . 6 . . 2 . . . . . . . . . . . . . . . . . Carrier 1 | . . . . . . . . . . . . . . . . . . . . . . . . . . . . . . 1 . . . . Mechanic 3 | . . . 1 . . . . 1 . . . . . 1 . . . . . . . . . . . . . . . . . . . . Operator 3 | . . . 1 . . . . . . . . . . 1 . . . . . . . . . . . . . . . . . . . 1 Watcher 14 | . 1 . 1 . . . 1 2 . . . . 1 1 . . 1 . . . . . . . . . . 1 . 1 . 2 . 2 Swarmer 92 | . . . 3 6 . 1 8 7 1 2 . . 2 . . . 3 10 3 2 . . 7 . . . . . 4 5 . 4 2 22 Grunt 85 | . . . 4 3 . 2 8 7 . 1 . . 13 14 . . 2 . 6 5 . . 3 6 . . . 2 . 4 . . 1 4 Brawler 4 | . . . . 1 . . 1 . . . . . 1 . . . . . . . . . . . . . . . . . . . . 1 Researcher 2 | . . . . . . . . . . . . . . . . . . . . . . . . . . . . . 1 . . 1 . . Sentry 31 | . . . 5 . . . 2 3 1 . . . 1 4 . . 5 . 2 . . . 1 1 . . . 2 . 1 . 1 . 2 Demolisher 4 | . . 1 . . . . . . . . . . . . . . . . . . . . . . . . . . . 3 . . . . Hunter 21 | . . . . . . . 1 2 1 . . 2 1 1 . . . . 4 . . . 2 . . . . . . 2 . . . 5 Programmer 39 | . . . . . . . . 9 . 2 . . 2 1 . . 1 . 1 2 . . . . . . . 1 3 1 2 3 . 11 Heavy 2 | . . . . . . . . . . . . . . . . . 1 . . . . . . . . . . . . . . . . 1 Cetus Guard 2 | . . . . . . . . . . . . . . . 2 . . . . . . . . . . . . . . . . . . . S7 Guard 1 | . . . . . . . . . . . . . . . . . . . . . . . . . . . . . . . . 1 . . M Guard 2 | . . . . . . . . . . . . . . . . . . . . . . . . . . . . . . . . . . 2 Striker 6 | . . . . . . . . . . . . . . . . . . . . . . . . . . . . . 2 4 . . . . Executioner 2 | . . . . . . . . . . . . . . . . . . . . . . . . . . . . . . 2 . . . . Alpha 7 1 | . . . . . . . . . . . . . . . . . . . . . . . . . . . . . 1 . . . . . Assembled 4 | . . 4 . . . . . . . . . . . . . . . . . . . . . . . . . . . . . . . . Thug 2 | . . . . . . . . . . . . . . . . . 2 . . . . . . . . . . . . . . . . . Guerrilla 1 | . . . . . . . . . . . . . . . . . 1 . . . . . . . . . . . . . . . . . Fireman 1 | . . . . . . . . . . . . . . . . . . . . . . . . . . . . . . 1 . . . . Knight 1 | . . . . . . . . . . . . . . . . . . . . . . . . . . . . . . 1 . . . . Best Kill Streak 14 | . 1 3 5 3 . 3 13 9 2 4 . 2 4 5 1 . 6 7 5 5 . . 14 3 . . . 4 4 9 1 7 2 11 Combat Bots Only 10 | . . 3 3 3 . 2 8 4 2 4 . 2 3 5 1 . 4 5 5 5 . . 9 3 . . . 3 3 9 1 5 2 10 Max Kills in Single Turn 4 | . 1 1 2 3 . 2 4 2 1 1 . 1 3 2 1 . 3 3 3 3 . . 4 1 . . . 2 1 2 1 2 2 2 Gunslinging 1 | . . . . . . . 1 . . . . . . 1 . . . . . . . . . . . . . . . 1 . . . . Exploded 4 | . . . 1 3 . . 3 2 . . . . . . . . 1 3 3 2 . . 4 . . . . . . . . . . . Melee 1 | . . . . . . . . . . . . . . . . . . . . . . . . 1 . . . 1 . . . . . . Uniques/NPCs Destroyed . | . . . . . . . . . . . . . . . . . . . . . . . . . . . . . . . . . . . Combat | -11 -10 -10 -9 -9 -9 -8 -8 -7 -7 -7 -7 -6 -6 -6 -6 -6 -6 -5 -5 -5 -5 -4 -4 -4 -4 -4 -3 -3 -3 -2 -2 -2 -1 -1 -------- Run | Scr Mat Min Mat Min Exi Min Mat Fac Low Low Zio Pro Fac Ext Cet Arc Hub Fac Upp Upp War Pro Fac Upp Upp Zhi Pro Res Tes Res Qua Sec Acc Com Damage Taken 19177 | . 52 102 449 432 . 64 760 1818 300 365 . 141 826 475 88 65 2103 280 689 450 . 182 1063 737 . . . 192 944 912 78 1542 1053 3015 Core 2322 | . 10 15 55 67 . . 74 202 10 . . . 87 46 13 . 196 18 35 17 . . 55 39 . . . 28 57 75 . 603 286 334 Absorbed by Shields 3395 | . . . . . . . . . . . . . . 50 87 . . . . . . . . . . . . . 358 938 6 216 179 1561 Redirected to Core 59 | . . . . . . . . . . . . . . . . . . . . . . . . . . . . . . . . 59 . . Regen/Repaired (Parts) 2308 | . . . . . . . . . . . . . . . . . . . . . 10 . 8 . . . . 40 39 . . 753 . 1458 Core Remaining (%) 79 | 100 . 90 . . . 69 86 . . . . 69 . . . . 59 . . . . 93 . . . . 91 . 93 . . 60 . 66 Volleys Fired 1051 | . 5 12 33 26 . 6 57 126 6 9 1 4 34 48 9 4 39 12 27 15 9 37 52 38 . . 9 8 101 45 76 102 7 94 Largest 5 | . 1 2 2 2 . 2 2 2 2 2 1 2 4 4 4 4 4 3 3 3 1 1 3 3 . . 1 5 5 5 5 5 3 5 Hottest 582 | . 20 138 150 150 . 150 110 158 113 113 58 86 219 219 191 191 214 189 582 257 117 117 180 180 . . 60 365 365 378 271 403 259 427 Shots Fired 2022 | . 5 24 64 51 . 12 91 215 11 17 1 8 113 181 33 14 93 21 35 21 9 37 69 72 . . 9 23 157 136 80 145 15 260 Gun 1124 | . 5 12 59 51 . 12 82 137 11 17 1 8 85 118 33 12 62 12 . . . . 3 18 . . 9 9 28 75 78 125 4 58 Cannon 846 | . . 12 3 . . . . 74 . . . . 28 63 . 2 31 3 16 14 9 37 62 54 . . . 14 129 61 2 20 11 201 Launcher 51 | . . . 2 . . . 9 4 . . . . . . . . . 6 19 7 . . 4 . . . . . . . . . . . Special 1 | . . . . . . . . . . . . . . . . . . . . . . . . . . . . . . . . . . 1 Kinetic 503 | . 5 11 . . . 5 22 76 6 9 . 4 62 87 16 6 50 9 . . . . 3 18 . . 9 9 10 28 2 35 . 21 Thermal 1272 | . . 1 59 51 . 7 27 67 5 8 1 4 51 94 17 8 43 6 16 14 9 37 48 36 . . . 14 133 90 78 110 15 223 Explosive 45 | . . . . . . . 9 4 . . . . . . . . . 6 19 7 . . . . . . . . . . . . . . Electromagnetic 197 | . . 12 5 . . . 33 68 . . . . . . . . . . . . . . 14 18 . . . . 14 18 . . . 15 Entropic 4 | . . . . . . . . . . . . . . . . . . . . . . . 4 . . . . . . . . . . . Robot Hit Streak 32 | . 2 3 11 9 . 5 9 14 11 7 . 9 14 22 20 15 9 13 22 5 . . 7 15 . . . 7 17 20 15 16 4 32 Robot Miss Streak 10 | . 2 3 3 3 . 3 8 10 6 7 . 6 4 3 1 1 8 1 1 1 . . 4 4 . . . 2 2 3 1 1 1 4 Penetration Max 1 | . . . . . . . . 1 . . . . 1 1 . . . . . . . . . . . . . . . . . 1 . . Secondary Targets 13 | . . . 2 . . . 3 . . 1 . . . 1 1 . . . . . . . . . . . . . . 4 . 1 . . Max Gunslinging Chain 1 | . . . 1 . . . 1 . . 1 . . . 1 1 . . . . . . . . . . . . . . 1 . 1 . . Shots Hit Robots 1164 | . 2 11 39 33 . 7 67 135 9 15 . 7 72 146 27 14 56 13 25 15 . . 27 49 . . . 19 61 84 5 44 9 173 Core Hits 731 | . 2 9 19 13 . 7 52 114 8 10 . 7 61 87 18 8 54 18 27 15 . . 21 14 . . . 12 22 41 2 21 3 66 Critical Kills 23 | . . 1 . . . . . . . . . . . 1 . . . 1 . . . . . 1 . . . . 1 4 . 3 . 11 Critical Parts Destroyed 9 | . . . . . . . . . . . . . 1 1 . . . . . 1 . . . . . . . . 1 2 1 1 . 1 Critical Strikes 60 | . . 1 2 5 . . . 6 . . . . 4 4 1 . 2 1 . 1 . . . 1 . . . 3 2 8 1 5 . 13 Burn 16 | . . . 2 5 . . . . . . . . 3 2 1 . 2 . . . . . . . . . . . . 1 . . . . Meltdown 16 | . . . . . . . . . . . . . . . . . . . . . . . . 1 . . . . 1 3 . . . 11 Destroy 18 | . . 1 . . . . . . . . . . 1 2 . . . 1 . 1 . . . . . . . . 1 4 1 5 . 1 Blast 6 | . . . . . . . . 5 . . . . . . . . . . . . . . . . . . . . . . . . . 1 Corrupt 1 | . . . . . . . . 1 . . . . . . . . . . . . . . . . . . . . . . . . . . Sunder 3 | . . . . . . . . . . . . . . . . . . . . . . . . . . . . 3 . . . . . . Melee Attacks 31 | . . . . . . . . . . . . . 1 . . . . 2 . . . . . 10 . . . 18 . . . . . . Impact 3 | . . . . . . . . . . . . . 1 . . . . 2 . . . . . . . . . . . . . . . . Slashing . | . . . . . . . . . . . . . . . . . . . . . . . . . . . . . . . . . . . Piercing 4 | . . . . . . . . . . . . . . . . . . . . . . . . 2 . . . 2 . . . . . . Entropic 24 | . . . . . . . . . . . . . . . . . . . . . . . . 8 . . . 16 . . . . . . Sneak Attacks 5 | . . . . . . . . . . . . . . . . . . . . . . . . 1 . . . 4 . . . . . . Combat Hostiles 1 | . . . . . . . . . . . . . . . . . . . . . . . . 1 . . . . . . . . . . Follow-up Attacks . | . . . . . . . . . . . . . . . . . . . . . . . . . . . . . . . . . . . Damage Inflicted 52089 | . 21 246 1160 798 . 178 2525 3555 319 512 . 239 2422 5167 1058 542 3510 1047 2357 1169 . . 2874 1316 . . . 1280 2884 4733 301 2233 805 8838 Guns 21982 | . 21 98 863 699 . 178 999 1893 319 512 . 239 1042 2927 1058 446 1405 331 . . . . 27 362 . . . 155 641 2639 220 1634 143 3131 Cannons 19865 | . . 148 80 . . . . 1162 . . . . 1380 2184 . 59 375 . 718 670 . . 931 592 . . . 212 2243 2062 81 599 662 5707 Explosions 8953 | . . . 217 99 . . 1526 500 . . . . . 56 . 37 1716 716 1639 499 . . 1916 . . . . . . 32 . . . . Melee 1275 | . . . . . . . . . . . . . . . . . . . . . . . . 362 . . . 913 . . . . . . Ramming 14 | . . . . . . . . . . . . . . . . . 14 . . . . . . . . . . . . . . . . . Kinetic 10082 | . 21 77 . . . 118 340 1428 73 123 . 40 859 2173 477 188 798 163 . . . . 27 362 . . . 170 62 1033 81 773 . 696 Thermal 29075 | . . 21 917 798 . 60 421 747 246 389 . 199 1563 2994 581 317 982 256 718 670 . . 930 307 . . . 197 2302 2856 220 1460 805 8119 Explosive 5238 | . . . . . . . 1482 332 . . . . . . . . . 628 1639 499 . . 658 . . . . . . . . . . . Electromagnetic 5287 | . . 148 243 . . . 282 1048 . . . . . . . 37 1716 . . . . . 141 285 . . . . 520 844 . . . 23 Impact . | . . . . . . . . . . . . . . . . . . . . . . . . . . . . . . . . . . . Slashing . | . . . . . . . . . . . . . . . . . . . . . . . . . . . . . . . . . . . Piercing 15 | . . . . . . . . . . . . . . . . . . . . . . . . 5 . . . 10 . . . . . . Entropic 2378 | . . . . . . . . . . . . . . . . . . . . . . . 1118 357 . . . 903 . . . . . . Highest Corruption 15 | . . . . . . . 2 8 8 8 8 . 1 1 1 1 15 . . . . . . . . . . . 1 . . . . . Average Corruption 3 | . . . . . . . 2 3 8 8 8 . 1 1 1 1 1 . . . . . . . . . . . 1 . . . . . Corruption Purged . | . . . . . . . . . . . . . . . . . . . . . . . . . . . . . . . . . . . Corruption Blocked 57 | . . . . . . . . . . . . . . . . . . . . . . . . . . . . . 15 30 . . . 12 Effects 110 | . . . . . . . 6 48 15 17 4 . 2 7 1 . 7 . . . . . . . . . . . 3 . . . . . Message Errors 21 | . . . . . . . 1 9 3 4 2 . . 2 . . . . . . . . . . . . . . . . . . . . Matter Fused 35 | . . . . . . . 2 14 6 4 2 . . 2 1 . 3 . . . . . . . . . . . 1 . . . . . Heat Flow Errors 17 | . . . . . . . 2 6 2 4 . . 1 . . . 2 . . . . . . . . . . . . . . . . . Energy Discharges 9 | . . . . . . . 1 4 . 1 . . . 2 . . . . . . . . . . . . . . 1 . . . . . Parts Rejected 1 | . . . . . . . . . . . . . 1 . . . . . . . . . . . . . . . . . . . . . Data Loss (minor) 12 | . . . . . . . . 5 2 3 . . . . . . 1 . . . . . . . . . . . 1 . . . . . Data Loss (major) 3 | . . . . . . . . 3 . . . . . . . . . . . . . . . . . . . . . . . . . . Alerts 4 | . . . . . . . . 2 1 . . . . 1 . . . . . . . . . . . . . . . . . . . . Weapon Failures 8 | . . . . . . . . 5 1 1 . . . . . . 1 . . . . . . . . . . . . . . . . . Overload Shots 5 | . . . . . . . . . . . . . . . . . . . 1 . . . . . . . . . 1 . 1 2 . . Effects 1 | . . . . . . . . . . . . . . . . . . . . . . . . . . . . . . . . 1 . . Heat Surge 1 | . . . . . . . . . . . . . . . . . . . . . . . . . . . . . . . . 1 . . Overflow Damage 2367 | . . . . 6 . . 14 125 . . . . . 61 . . 34 83 75 9 . . 404 99 . . . 238 152 51 . . 413 603 Projectiles 1417 | . . . . . . . . 6 . . . . . 61 . . 1 . 38 9 . . 83 . . . . . 152 51 . . 413 603 Explosions 613 | . . . . 6 . . 14 119 . . . . . . . . 33 83 37 . . . 321 . . . . . . . . . . . Melee 337 | . . . . . . . . . . . . . . . . . . . . . . . . 99 . . . 238 . . . . . . Knockbacks 36 | . . . . . . . . 28 . . . . . . . . . . . . . . . . . . . . . 3 . 2 . 3 Impact . | . . . . . . . . . . . . . . . . . . . . . . . . . . . . . . . . . . . Kinetic 34 | . . . . . . . . 26 . . . . . . . . . . . . . . . . . . . . . 3 . 2 . 3 Secondary 2 | . . . . . . . . 2 . . . . . . . . . . . . . . . . . . . . . . . . . . Self-Inflicted Damage 917 | . . . . 31 . . 50 258 . . . . . . . . 192 77 . 62 . . 247 . . . . . . . . . . . Shots 14 | . . . . 1 . . 1 5 . . . . . . . . 2 2 . 1 . . 2 . . . . . . . . . . . Rammed . | . . . . . . . . . . . . . . . . . . . . . . . . . . . . . . . . . . . Targets Rammed 1 | . . . . . . . . . . . . . . . . . 1 . . . . . . . . . . . . . . . . . Kicked 1 | . . . . . . . . . . . . . . . . . 1 . . . . . . . . . . . . . . . . . Crushed . | . . . . . . . . . . . . . . . . . . . . . . . . . . . . . . . . . . . Highest Temperature 694 | . . 176 381 447 . 188 226 436 105 200 6 24 536 356 97 57 522 350 489 384 108 223 336 369 . . . 424 481 336 60 306 215 694 Average Temperature 106 | . . 74 137 145 . 77 71 86 46 68 4 12 149 66 41 33 133 215 136 161 46 86 81 153 . . . 165 104 107 41 72 95 152 Received Heat Transfer 2002 | . 12 . 111 150 . 36 339 225 48 . . . 216 138 4 9 102 . 90 48 . 21 39 177 . . . 12 35 8 . 35 65 82 Effects 42 | . . . . 3 . . . 9 . . . . 6 . . . 1 1 5 2 . . . 1 . . . 1 8 . . . . 5 Shutdowns 8 | . . . . 1 . . . . . . . . 1 . . . 1 . 1 1 . . . 1 . . . . 1 . . . . 1 Energy Bleed 7 | . . . . . . . . 3 . . . . 1 . . . . . . . . . . . . . . . 2 . . . . 1 Interference 16 | . . . . 2 . . . 5 . . . . 2 . . . . . 2 . . . . . . . . 1 3 . . . . 1 Matter Decay 4 | . . . . . . . . . . . . . 1 . . . . . 2 . . . . . . . . . 1 . . . . . Short Circuit 3 | . . . . . . . . . . . . . . . . . . 1 . . . . . . . . . . 1 . . . . 1 Damage (minor) 4 | . . . . . . . . 1 . . . . 1 . . . . . . 1 . . . . . . . . . . . . . 1 Siege Activations . | . . . . . . . . . . . . . . . . . . . . . . . . . . . . . . . . . . . Robots Corrupted 8 | . . . . . . . . 1 . . . . . . . . 5 . . . . . . . . . . . 1 1 . . . . Combat Hostiles 4 | . . . . . . . . 1 . . . . . . . . 1 . . . . . . . . . . . 1 1 . . . . Parts Fried 23 | . . . . . . . . 4 . . . . . . . . 8 . . . . . . . . . . . 5 6 . . . . Impact Corruptions . | . . . . . . . . . . . . . . . . . . . . . . . . . . . . . . . . . . . Robots Melted 20 | . . . . . . . . . . 1 . . . 2 . . . . . . . . . 2 . . . . 1 3 . . . 11 Combat Hostiles 18 | . . . . . . . . . . 1 . . . 2 . . . . . . . . . 2 . . . . 1 2 . . . 10 Parts Melted 67 | . . . 4 7 . . 1 1 3 3 . 1 5 5 . . 1 . . . . . . 4 . . . . 2 7 . 2 . 21 Heat Transferred 27764 | . . 37 1765 1741 . 111 768 988 425 608 . 333 2516 3843 629 130 592 100 444 407 . . 853 407 . . . 148 1961 2242 148 1049 259 5260 Parts Sabotaged 1 | . . . . . . . . . . . . . . . . . . . . . . . . . . . . . . . . . . 1 Parts Stolen . | . . . . . . . . . . . . . . . . . . . . . . . . . . . . . . . . . . . Parts Stripped . | . . . . . . . . . . . . . . . . . . . . . . . . . . . . . . . . . . . Power Chain Reactions 8 | . . . 1 . . . 1 1 . . . . . 2 . 1 . 1 . . . . . . . . . . . 1 . . . . Missiles Intercepted 1 | . . . . . . . . . . . . . . . . . . . . . . . . . . . . . . . . . . 1 Alert | -11 -10 -10 -9 -9 -9 -8 -8 -7 -7 -7 -7 -6 -6 -6 -6 -6 -6 -5 -5 -5 -5 -4 -4 -4 -4 -4 -3 -3 -3 -2 -2 -2 -1 -1 ------- Run | Scr Mat Min Mat Min Exi Min Mat Fac Low Low Zio Pro Fac Ext Cet Arc Hub Fac Upp Upp War Pro Fac Upp Upp Zhi Pro Res Tes Res Qua Sec Acc Com Peak Influence 1406 | . 37 24 337 203 . 78 467 440 . . . . 367 444 723 500 1275 1051 . . . . 957 . . . . 176 456 745 473 688 574 1406 Initial 586 | . . 14 . 53 . . . 212 . . . . . 124 222 289 175 586 . . . . 46 . . . . . 99 225 418 261 174 328 Average 294 | . 20 9 121 97 . 30 196 128 . . . . 148 176 545 461 653 804 . . . . 412 . . . . 67 194 403 368 425 371 784 Maximum Alert Level 4 | . . . 1 1 . . 2 2 . . . . 1 2 3 2 4 3 . . . . 3 . . . . . 2 3 2 2 2 4 Low Security (%) 48 | 100 100 100 73 77 . 100 67 74 . . . . 60 62 . . 13 . . . . . 29 . . . . 100 56 4 6 8 26 . Level 1 24 | . . . 26 22 . . 19 22 . . . . 39 33 28 18 6 . . . . . 17 . . . . . 41 41 51 44 31 17 Level 2 18 | . . . . . . . 12 3 . . . . . 4 26 81 38 37 . . . . 46 . . . . . 2 53 41 47 42 40 Level 3 3 | . . . . . . . . . . . . . . . 44 . 28 62 . . . . 6 . . . . . . 1 . . . 5 Level 4 5 | . . . . . . . . . . . . . . . . . 13 . . . . . . . . . . . . . . . . 36 Level 5 . | . . . . . . . . . . . . . . . . . . . . . . . . . . . . . . . . . . . High Security . | . . . . . . . . . . . . . . . . . . . . . . . . . . . . . . . . . . . Max Security . | . . . . . . . . . . . . . . . . . . . . . . . . . . . . . . . . . . . Squads Dispatched 81 | . . . 2 1 . . 2 9 . . . . 3 2 . . 7 3 . 1 . . 2 . . . . 6 8 8 3 6 3 15 Investigation 8 | . . . 2 1 . . . . . . . . . 2 . . . 1 . . . . . . . . . 1 . . 1 . . . Extermination 20 | . . . . . . . . 6 . . . . 1 . . . 1 . . . . . 1 . . . . . 2 . 1 1 1 6 Reinforcement 38 | . . . . . . . 2 3 . . . . 2 . . . 3 2 . . . . 1 . . . . 5 1 8 1 5 2 3 Assault 11 | . . . . . . . . . . . . . . . . . 2 . . 1 . . . . . . . . 2 . . . . 6 Garrison 4 | . . . . . . . . . . . . . . . . . 1 . . . . . . . . . . . 3 . . . . . Intercept . | . . . . . . . . . . . . . . . . . . . . . . . . . . . . . . . . . . . Searches Triggered . | . . . . . . . . . . . . . . . . . . . . . . . . . . . . . . . . . . . Construction Impeded 4 | . . . . . . . 1 . . . . . . . . . . 1 . . . . . . . . . . . . . 1 1 . Haulers Reinforced 8 | . . . . . . . . 1 . . . . 1 . . . . . . . . . . . . . . 2 . 4 . . . . Active Scanning Responses . | . . . . . . . . . . . . . . . . . . . . . . . . . . . . . . . . . . . Cargo Convoy Interrupts 1 | . . . . . . . . . . . . . 1 . . . . . . . . . . . . . . . . . . . . . Stealth | -11 -10 -10 -9 -9 -9 -8 -8 -7 -7 -7 -7 -6 -6 -6 -6 -6 -6 -5 -5 -5 -5 -4 -4 -4 -4 -4 -3 -3 -3 -2 -2 -2 -1 -1 --------- Run | Scr Mat Min Mat Min Exi Min Mat Fac Low Low Zio Pro Fac Ext Cet Arc Hub Fac Upp Upp War Pro Fac Upp Upp Zhi Pro Res Tes Res Qua Sec Acc Com Distress Signals 53 | . . 2 2 . . . 4 1 . . . . 3 . 2 . . . . . . . 1 . . . . 6 3 15 1 5 2 6 Communications Jammed 137 | . . . . . . . . . . . . . . . . . . 1 . . . . 3 . . . . 7 50 23 6 21 6 20 Distress Signals 91 | . . . . . . . . . . . . . . . . . . 1 . . . . 3 . . . . 7 33 . 6 21 . 20 Times Spotted 580 | . 6 5 18 12 . 7 28 46 5 8 . 2 26 34 14 4 32 13 13 15 9 5 24 15 . . . 12 35 47 10 29 28 78 Peak Tracking Total 13 | . 5 2 4 4 . 3 6 4 10 4 . 2 4 5 5 1 10 5 3 8 12 4 8 4 . . . 3 10 10 3 8 13 10 Tactical Retreats 35 | . . . . 3 . . 1 . 1 . . . 1 2 . . 1 . . 2 . 2 3 1 . . . . 5 2 2 6 2 1 Traps | -11 -10 -10 -9 -9 -9 -8 -8 -7 -7 -7 -7 -6 -6 -6 -6 -6 -6 -5 -5 -5 -5 -4 -4 -4 -4 -4 -3 -3 -3 -2 -2 -2 -1 -1 ------- Run | Scr Mat Min Mat Min Exi Min Mat Fac Low Low Zio Pro Fac Ext Cet Arc Hub Fac Upp Upp War Pro Fac Upp Upp Zhi Pro Res Tes Res Qua Sec Acc Com Traps Triggered 19 | . . 1 . . . . 1 1 . . . . 3 5 . . . 3 . . . . 1 . . . . . 1 . . . . 3 Indirectly . | . . . . . . . . . . . . . . . . . . . . . . . . . . . . . . . . . . . Trap Hack Attempts . | . . . . . . . . . . . . . . . . . . . . . . . . . . . . . . . . . . . Triggered . | . . . . . . . . . . . . . . . . . . . . . . . . . . . . . . . . . . . Disarmed . | . . . . . . . . . . . . . . . . . . . . . . . . . . . . . . . . . . . Reprogrammed 11 | . . . . . . . . . . . . . . 6 . . . . . . . . . . . . . 5 . . . . . . Reused 1 | . . . . . . . . . . . . . . . . . . . . . . . . . . . . 1 . . . . . . Traps Extracted . | . . . . . . . . . . . . . . . . . . . . . . . . . . . . . . . . . . . Installed . | . . . . . . . . . . . . . . . . . . . . . . . . . . . . . . . . . . . Triggered 18 | . . 1 . . . . . . 1 2 . . 1 . . . . . . 3 8 . . . . . . 1 . . . . . 1 Machines | -11 -10 -10 -9 -9 -9 -8 -8 -7 -7 -7 -7 -6 -6 -6 -6 -6 -6 -5 -5 -5 -5 -4 -4 -4 -4 -4 -3 -3 -3 -2 -2 -2 -1 -1 ---------- Run | Scr Mat Min Mat Min Exi Min Mat Fac Low Low Zio Pro Fac Ext Cet Arc Hub Fac Upp Upp War Pro Fac Upp Upp Zhi Pro Res Tes Res Qua Sec Acc Com Machines Disabled 102 | . . . . 1 . . 2 8 . . . . 3 4 1 3 13 6 1 1 . 1 15 . . . . . 8 4 8 19 . 4 Max in Single Turn 9 | . . . . 1 . . 1 3 . . . . 1 1 1 1 9 5 1 1 . 1 4 . . . . . 1 1 1 1 . 2 Garrison Access 5 | . . . . . . . . . . . . . . . . . 1 . . . . . . . . . . 1 . 1 1 1 . . Network Hub 2 | . . . . . . . . . . . . . . . . . 2 . . . . . . . . . . . . . . . . . Machines Sabotaged . | . . . . . . . . . . . . . . . . . . . . . . . . . . . . . . . . . . . Overloaded Fab Kills . | . . . . . . . . . . . . . . . . . . . . . . . . . . . . . . . . . . . Hacking | -11 -10 -10 -9 -9 -9 -8 -8 -7 -7 -7 -7 -6 -6 -6 -6 -6 -6 -5 -5 -5 -5 -4 -4 -4 -4 -4 -3 -3 -3 -2 -2 -2 -1 -1 --------- Run | Scr Mat Min Mat Min Exi Min Mat Fac Low Low Zio Pro Fac Ext Cet Arc Hub Fac Upp Upp War Pro Fac Upp Upp Zhi Pro Res Tes Res Qua Sec Acc Com Machines Accessed 150 | . 1 1 7 1 . . 2 12 . 2 . . 4 19 1 . 11 2 . 1 3 1 10 2 . 4 . 10 15 1 16 15 1 8 Terminals 114 | . 1 . 7 . . . 2 8 . . . . 3 19 1 . 10 1 . . . . 8 1 . . . 5 12 1 13 14 1 7 Fabricators 4 | . . . . . . . . 1 . . . . . . . . . 1 . . . . . . . . . 2 . . . . . . Repair Stations 4 | . . . . . . . . . . . . . . . . . . . . . . . 1 . . . . 1 1 . . . . 1 Recycling Units . | . . . . . . . . . . . . . . . . . . . . . . . . . . . . . . . . . . . Scanalyzers 8 | . . . . . . . . 2 . . . . . . . . . . . . . . 1 . . . . 1 2 . 2 . . . Garrison Access 6 | . . . . . . . . 1 . . . . 1 . . . 1 . . . . . . . . . . 1 . . 1 1 . . Total Hacks 558 | . 2 1 18 1 . . 3 45 . 8 . . 6 48 1 . 43 6 . 1 11 1 49 2 . 17 . 41 69 6 88 67 3 21 Successful 334 | . 1 1 11 1 . . 1 33 . 8 . . . 23 . . 26 1 . 1 11 1 28 2 . 17 . 22 45 3 51 36 2 9 Failed 223 | . 1 . 6 . . . 2 12 . . . . 6 25 1 . 17 5 . . . . 21 . . . . 19 24 3 37 31 1 12 Catastrophic 35 | . . . . . . . . 2 . . . . 3 6 1 . 2 1 . . . . 3 . . . . 2 4 . 4 4 . 3 Database Lockouts 1 | . . . 1 . . . . . . . . . . . . . . . . . . . . . . . . . . . . . . . Manual 221 | . . . 7 . . . 3 12 . . . . 2 17 1 . 30 6 . . . . 21 . . . . 8 30 2 38 36 1 7 Terminals 443 | . 2 . 18 . . . 3 27 . . . . 5 48 1 . 41 4 . . . . 38 1 . . . 25 61 6 78 66 3 16 Fabricators 11 | . . . . . . . . 2 . . . . . . . . . 2 . . . . . . . . . 7 . . . . . . Repair Stations 15 | . . . . . . . . . . . . . . . . . . . . . . . 4 . . . . 2 4 . . . . 5 Recycling Units . | . . . . . . . . . . . . . . . . . . . . . . . . . . . . . . . . . . . Scanalyzers 37 | . . . . . . . . 14 . . . . . . . . . . . . . . 7 . . . . 4 4 . 8 . . . Garrison Access 11 | . . . . . . . . 2 . . . . 1 . . . 2 . . . . . . . . . . 3 . . 2 1 . . Terminal Hacks 198 | . 1 1 9 1 . . 1 13 . 8 . . . 19 . . 9 . . 1 11 1 13 2 . 17 . 11 27 3 27 17 1 5 Record 21 | . . . . . . . . . . 7 . . . . . . . . . . 4 1 . 1 . 5 . . . 1 2 . . . Part Schematic 8 | . . . . . . . . . . . . . . . . . . . . . . . 2 . . 4 . . 2 . . . . . Robot Analysis 8 | . . . . . . . . . . . . . . . . . . . . . . . . . . 4 . 2 . 1 . . . 1 Prototype ID Bank 20 | . . . 3 . . . . 1 . . . . . . . . . . . . 6 . . . . 4 . 1 2 . 2 1 . . Open Door 21 | . . 1 . 1 . . . . . 1 . . . 10 . . . . . 1 1 . . 1 . . . . 1 . . 3 . 1 Open DSF 1 | . . . . . . . . . . . . . . . . . . . . . . . 1 . . . . . . . . . . . Level Access Points 3 | . . . . . . . . . . . . . . . . . 1 . . . . . . . . . . . . . 1 1 . . Branch Access Points 4 | . . . 1 . . . . . . . . . . . . . . . . . . . 1 . . . . 1 . 1 . . . . Emergency Access Points 4 | . 1 . . . . . . . . . . . . . . . . . . . . . . . . . . . 2 . 1 . . . Machine Index 1 | . . . . . . . . . . . . . . . . . . . . . . . . . . . . . . . 1 . . . Terminal Index 5 | . . . . . . . . . . . . . . 1 . . 1 . . . . . 1 . . . . . 1 . . 1 . . Scanalyzer Index 2 | . . . . . . . . . . . . . . . . . . . . . . . . . . . . . 1 . 1 . . . Garrison Index 2 | . . . . . . . . . . . . . . . . . 1 . . . . . . . . . . . . . 1 . . . Alert Level 4 | . . . . . . . . . . . . . . . . . . . . . . . 1 . . . . 1 . . 2 . . . Unreport Threat 27 | . . . 1 . . . . 4 . . . . . 4 . . 3 . . . . . 2 . . . . 1 3 . 3 5 1 . Locate Traps 19 | . . . 2 . . . . 3 . . . . . 2 . . 1 . . . . . 2 . . . . 1 3 . 2 2 . 1 Reprogram Traps 3 | . . . . . . . . . . . . . . 1 . . . . . . . . . . . . . 2 . . . . . . Dispatch Records 2 | . . . . . . . . 1 . . . . . . . . . . . . . . . . . . . . 1 . . . . . Security Status 1 | . . . . . . . . . . . . . . . . . 1 . . . . . . . . . . . . . . . . . Surveillance Status 1 | . . . . . . . . . . . . . . . . . . . . . . . . . . . . . . . 1 . . . Patrol Status 1 | . . . . . . . . . . . . . . . . . . . . . . . . . . . . . 1 . . . . . Transport Status 1 | . . . . . . . . 1 . . . . . . . . . . . . . . . . . . . . . . . . . . Investigation Status 1 | . . . . . . . . . . . . . . . . . . . . . . . . . . . . . . . 1 . . . Recall Investigation 5 | . . . 1 . . . . . . . . . . . . . . . . . . . 1 . . . . 1 . . 2 . . . Recall Reinforcements 2 | . . . . . . . 1 . . . . . . . . . . . . . . . 1 . . . . . . . . . . . Hauler Manifests 1 | . . . . . . . . . . . . . . . . . . . . . . . 1 . . . . . . . . . . . Registered Components 4 | . . . . . . . . 2 . . . . . . . . . . . . . . . . . . . . 1 . 1 . . . Registered Prototypes 2 | . . . . . . . . 1 . . . . . . . . . . . . . . . . . . . . 1 . . . . . Zone Layout 19 | . . . 1 . . . . . . . . . . 1 . . 1 . . . . . . . . . . 1 5 . 6 4 . . Protovariant Controls 3 | . . . . . . . . . . . . . . . . . . . . . . . . . . . . . 3 . . . . . Disengage Seal 2 | . . . . . . . . . . . . . . . . . . . . . . . . . . . . . . . . . . 2 Fabricator Hacks 4 | . . . . . . . . 1 . . . . . . . . . . . . . . . . . . . 3 . . . . . . Load Schematic 1 | . . . . . . . . . . . . . . . . . . . . . . . . . . . . 1 . . . . . . Build 3 | . . . . . . . . 1 . . . . . . . . . . . . . . . . . . . 2 . . . . . . Repair Station Hacks 9 | . . . . . . . . . . . . . . . . . . . . . . . 2 . . . . 2 2 . . . . 3 Scan Component 5 | . . . . . . . . . . . . . . . . . . . . . . . 1 . . . . 1 1 . . . . 2 Repair 4 | . . . . . . . . . . . . . . . . . . . . . . . 1 . . . . 1 1 . . . . 1 Recycling Unit Hacks . | . . . . . . . . . . . . . . . . . . . . . . . . . . . . . . . . . . . Scanalyzer 29 | . . . . . . . . 14 . . . . . . . . . . . . . . 6 . . . . 2 3 . 4 . . . Insert Component 18 | . . . . . . . . 7 . . . . . . . . . . . . . . 4 . . . . 2 1 . 4 . . . Analyze 11 | . . . . . . . . 7 . . . . . . . . . . . . . . 2 . . . . . 2 . . . . . Garrison Access Hacks 3 | . . . . . . . . . . . . . . . . . . . . . . . . . . . . 1 . . 1 1 . . Seal Access 3 | . . . . . . . . . . . . . . . . . . . . . . . . . . . . 1 . . 1 1 . . Unauthorized Hacks 91 | . . . 2 . . . . 5 . . . . . 4 . . 17 1 . . . . 7 . . . . 3 13 . 19 18 1 1 Terminals 86 | . . . 2 . . . . 5 . . . . . 4 . . 16 . . . . . 6 . . . . 2 12 . 19 18 1 1 Track 5 | . . . . . . . . . . . . . . . . . . . . . . . . . . . . . 1 . 2 2 . . Assimilate 13 | . . . . . . . . 1 . . . . . . . . 2 . . . . . 1 . . . . . . . 5 4 . . Botnet 57 | . . . 2 . . . . 4 . . . . . 4 . . 10 . . . . . 5 . . . . 1 9 . 11 9 1 1 Detonate 1 | . . . . . . . . . . . . . . . . . . . . . . . . . . . . . . . . 1 . . Disrupt 7 | . . . . . . . . . . . . . . . . . 3 . . . . . . . . . . . 1 . 1 2 . . Operators 3 | . . . . . . . . . . . . . . . . . 1 . . . . . . . . . . 1 1 . . . . . Fabricators 2 | . . . . . . . . . . . . . . . . . . 1 . . . . . . . . . 1 . . . . . . Prioritize 1 | . . . . . . . . . . . . . . . . . . . . . . . . . . . . 1 . . . . . . Recompile 1 | . . . . . . . . . . . . . . . . . . 1 . . . . . . . . . . . . . . . . Repair Stations 1 | . . . . . . . . . . . . . . . . . . . . . . . 1 . . . . . . . . . . . Mechanics 1 | . . . . . . . . . . . . . . . . . . . . . . . 1 . . . . . . . . . . . Recycling Units . | . . . . . . . . . . . . . . . . . . . . . . . . . . . . . . . . . . . Scanalyzers 1 | . . . . . . . . . . . . . . . . . . . . . . . . . . . . . 1 . . . . . Researchers 1 | . . . . . . . . . . . . . . . . . . . . . . . . . . . . . 1 . . . . . Garrison Access 1 | . . . . . . . . . . . . . . . . . 1 . . . . . . . . . . . . . . . . . Reprogram 1 | . . . . . . . . . . . . . . . . . 1 . . . . . . . . . . . . . . . . . Data Cores Recovered 1 | . . . 1 . . . . . . . . . . . . . . . . . . . . . . . . . . . . . . . Used . | . . . . . . . . . . . . . . . . . . . . . . . . . . . . . . . . . . . Hacking Detections 116 | . 1 . 7 . . . 1 11 . . . . 4 17 1 . 10 2 . . . . 9 . . . . 9 12 1 14 11 1 5 Full Trace Events 5 | . . . 1 . . . . . . . . . . 2 . . . . . . . . . . . . . 1 . . 1 . . . Feedback Events . | . . . . . . . . . . . . . . . . . . . . . . . . . . . . . . . . . . . Feedback Blocked . | . . . . . . . . . . . . . . . . . . . . . . . . . . . . . . . . . . . Robot Schematics Acquired 5 | . . . . . . . . . . . 4 . . . . . . . . . . . . . . . . . . . . 1 . . Robots Built . | . . . . . . . . . . . . . . . . . . . . . . . . . . . . . . . . . . . Authchips . | . . . . . . . . . . . . . . . . . . . . . . . . . . . . . . . . . . . Time . | . . . . . . . . . . . . . . . . . . . . . . . . . . . . . . . . . . . Total Robot Build Rating . | . . . . . . . . . . . . . . . . . . . . . . . . . . . . . . . . . . . Part Schematics Acquired 38 | . . . . . . . . 7 . . 14 . . . . . . . . . . . 4 . . 4 . . 7 . . 2 . . Parts Built 3 | . . . . . . . . 1 . . . . . . . . . . . . . . . . . . . 2 . . . . . . Authchips . | . . . . . . . . . . . . . . . . . . . . . . . . . . . . . . . . . . . Time 180 | . . . . . . . . 84 . . . . . . . . . . . . . . . . . . . 96 . . . . . . Total Part Build Rating 18 | . . . . . . . . 4 . . . . . . . . . . . . . . . . . . . 14 . . . . . . Parts Repaired 4 | . . . . . . . . . . . . . . . . . . . . . . . 1 . . . . 1 1 . . . . 1 Time 185 | . . . . . . . . . . . . . . . . . . . . . . . 100 . . . . 28 16 . . . . 41 Parts Recycled . | . . . . . . . . . . . . . . . . . . . . . . . . . . . . . . . . . . . Recycled Matter . | . . . . . . . . . . . . . . . . . . . . . . . . . . . . . . . . . . . Retrieved Matter . | . . . . . . . . . . . . . . . . . . . . . . . . . . . . . . . . . . . Retrieved Components . | . . . . . . . . . . . . . . . . . . . . . . . . . . . . . . . . . . . Parts Scanalyzed 11 | . . . . . . . . 7 . . . . . . . . . . . . . . 2 . . . . 1 1 . . . . . Part Schematics Acquired 10 | . . . . . . . . 7 . . . . . . . . . . . . . . 2 . . . . . 1 . . . . . Parts Damaged 1 | . . . . . . . . . . . . . . . . . . . . . . . 1 . . . . . . . . . . . Bothacking | -11 -10 -10 -9 -9 -9 -8 -8 -7 -7 -7 -7 -6 -6 -6 -6 -6 -6 -5 -5 -5 -5 -4 -4 -4 -4 -4 -3 -3 -3 -2 -2 -2 -1 -1 ------------ Run | Scr Mat Min Mat Min Exi Min Mat Fac Low Low Zio Pro Fac Ext Cet Arc Hub Fac Upp Upp War Pro Fac Upp Upp Zhi Pro Res Tes Res Qua Sec Acc Com Used RIF Installer . | . . . . . . . . . . . . . . . . . . . . . . . . . . . . . . . . . . . Robots Hacked 1 | . . . . . . . . . . . . . . . . . . . . . . . . . . . . . . . . . . 1 Non-combat . | . . . . . . . . . . . . . . . . . . . . . . . . . . . . . . . . . . . Combat . | . . . . . . . . . . . . . . . . . . . . . . . . . . . . . . . . . . . Robot Hacks Applied . | . . . . . . . . . . . . . . . . . . . . . . . . . . . . . . . . . . . Manual 1 | . . . . . . . . . . . . . . . . . . . . . . . . . . . . . . . . . . 1 Relay Couplers Released 5 | . . . . . . . . . . . . . . . . . 2 . . . . . . . . . . . . 3 . . . . Machine Destruction 5 | . . . . . . . . . . . . . . . . . 2 . . . . . . . . . . . . 3 . . . . Fabnet Peak Effective % . | . . . . . . . . . . . . . . . . . . . . . . . . . . . . . . . . . . . Robots Rewired 9 | . . . . . 2 . . . . . . . . 4 . . . . 1 . 2 . . . . . . . . . . . . . Allies Hacked . | . . . . . . . . . . . . . . . . . . . . . . . . . . . . . . . . . . . Hacks Repelled . | . . . . . . . . . . . . . . . . . . . . . . . . . . . . . . . . . . . Allies | -11 -10 -10 -9 -9 -9 -8 -8 -7 -7 -7 -7 -6 -6 -6 -6 -6 -6 -5 -5 -5 -5 -4 -4 -4 -4 -4 -3 -3 -3 -2 -2 -2 -1 -1 -------- Run | Scr Mat Min Mat Min Exi Min Mat Fac Low Low Zio Pro Fac Ext Cet Arc Hub Fac Upp Upp War Pro Fac Upp Upp Zhi Pro Res Tes Res Qua Sec Acc Com Total Allies 46 | . . 3 . 2 2 . . 1 . . . . . 20 5 . 1 . 1 . 2 . . 1 . . . . . . 2 3 3 . Largest Group 15 | . . 3 3 2 2 2 1 1 . . . . . 13 15 11 10 . 1 . 2 . . . . . . . . . 1 1 3 . Highest-Rated Group 918 | . . 40 40 53 53 16 8 10 . . . . . 537 918 802 634 . 29 . 82 . . . . . . . . . 26 45 374 . Highest-Rated Ally 159 | . . 16 16 31 31 8 8 10 . . . . . 159 159 143 96 . 29 . 41 . . . . . . . . . 26 45 131 . Total Orders 6 | . . . . . . . . . . . . . . . 1 . . . . . . . . . . . . . . . 2 3 . . STAY 5 | . . . . . . . . . . . . . . . 1 . . . . . . . . . . . . . . . 1 3 . . FOLLOW 1 | . . . . . . . . . . . . . . . . . . . . . . . . . . . . . . . 1 . . . Ally Attacks 331 | . . . 23 . . 9 8 . . . . . . 54 69 29 70 . 6 . 4 . . . . . . . . . . . 59 . Total Damage 8222 | . . . 228 . . 66 66 . . . . . . 944 1618 497 1931 . 76 . 194 . . . . . . . . . . . 2602 . Kills 64 | . . . 3 . . 4 1 . . . . . . 9 14 5 13 . . . . . . . . . . . . . . . 15 . Allies Corrupted 3 | . . . . . . . . . . . . . . . . . 3 . . . . . . . . . . . . . . . . . Allies Melted 4 | . . . . . . . . . . . . . . . 1 . 1 . . . 2 . . . . . . . . . . . . . Intel | -11 -10 -10 -9 -9 -9 -8 -8 -7 -7 -7 -7 -6 -6 -6 -6 -6 -6 -5 -5 -5 -5 -4 -4 -4 -4 -4 -3 -3 -3 -2 -2 -2 -1 -1 ------- Run | Scr Mat Min Mat Min Exi Min Mat Fac Low Low Zio Pro Fac Ext Cet Arc Hub Fac Upp Upp War Pro Fac Upp Upp Zhi Pro Res Tes Res Qua Sec Acc Com Robot Analysis Total 8 | . . . . . . . . . . . . . . . . . . . . . . . . . . 4 . 2 . 1 . . . 1 Derelict Logs Recovered 18 | . . 2 . 2 . . . . 1 2 . 2 . . . . . . 1 2 . 3 . 2 1 . . . . . . . . . Drone Launches 1 | . . . . . . . . . . . . . . . . . 1 . . . . . . . . . . . . . . . . . Drone Recoveries . | . . . . . . . . . . . . . . . . . . . . . . . . . . . . . . . . . . . Exploration | -11 -10 -10 -9 -9 -9 -8 -8 -7 -7 -7 -7 -6 -6 -6 -6 -6 -6 -5 -5 -5 -5 -4 -4 -4 -4 -4 -3 -3 -3 -2 -2 -2 -1 -1 ------------- Run | Scr Mat Min Mat Min Exi Min Mat Fac Low Low Zio Pro Fac Ext Cet Arc Hub Fac Upp Upp War Pro Fac Upp Upp Zhi Pro Res Tes Res Qua Sec Acc Com Turns Passed 27834 | 32 64 1239 750 1067 668 855 676 3143 362 515 600 480 1243 1444 247 94 426 395 819 684 783 724 729 670 225 80 754 630 1269 1397 649 937 539 2645 Spaces Moved 23314 | 44 105 641 400 583 406 512 250 1870 498 759 982 564 943 1048 186 79 326 387 792 718 834 579 846 1008 453 147 534 887 1316 1357 795 1430 201 834 Core 250 | 41 105 102 . 2 . . . . . . . . . . . . . . . . . . . . . . . . . . . . . . Treads 7275 | 3 . 539 400 573 406 512 225 221 41 . . . 551 238 186 79 261 . 140 718 834 579 224 . . . . 319 65 . . . . 161 Legs 6544 | . . . . 8 . . 25 81 457 759 982 564 165 . . . 65 387 652 . . . . . . . . . . 70 594 1246 180 309 Wheels . | . . . . . . . . . . . . . . . . . . . . . . . . . . . . . . . . . . . Hover 1531 | . . . . . . . . 878 . . . . . 542 . . . . . . . . . . . . . . 109 . . . . 2 Flight 7509 | . . . . . . . . 690 . . . . 227 268 . . . . . . . . 622 1008 453 147 534 568 1142 1287 201 . . 362 Fastest Speed 34 | 50 50 50 160 160 160 160 160 77 60 60 60 60 95 76 76 81 81 87 87 87 87 87 48 48 48 48 48 48 45 57 34 34 232 138 Average Speed 95 | 57 50 142 160 164 160 160 194 133 63 60 60 78 113 106 78 81 91 87 87 87 87 87 58 48 48 48 48 49 66 86 50 37 242 270 Slowest Speed 500 | 160 50 160 160 500 160 160 330 470 101 60 60 117 165 184 81 81 122 87 87 87 87 87 87 48 48 48 48 63 118 98 98 95 464 355 Overloaded Moves . | . . . . . . . . . . . . . . . . . . . . . . . . . . . . . . . . . . . Propulsion Burnouts . | . . . . . . . . . . . . . . . . . . . . . . . . . . . . . . . . . . . Robots Hopped 2 | . . . . . . . . . . . . . . 1 . . . . . . . . . . . . . . . 1 . . . . Cave-ins Triggered . | . . . . . . . . . . . . . . . . . . . . . . . . . . . . . . . . . . . Teleports 1 | . . . . . . . . . . . . . . . . . . . . . . . . . . . . . . . . 1 . . Spacefolds 5 | . . . . . . . . . . . . . . . . . . . . . . . . . . . . . . . . 2 3 . Microwarps 14 | . . . . . . . . . . . . . . . . . . . . . . . . . . . . . . . . 11 3 . Exploration Rate (%) 60 | 3 26 98 44 94 90 94 33 55 61 81 85 65 27 84 73 80 43 12 82 64 89 76 24 92 52 60 71 28 92 30 92 81 10 33 Regions Visited 34 Branch Regions 24 Pre-discovered Areas 7 | . . . . . . . . . . . 2 1 . . . . . . . . . . . 1 . 3 . . . . . . . . Known Exits Taken 16 | . . . 1 . . . . . 1 1 1 1 1 . . . 1 1 . . . . 1 . . . 1 1 1 1 1 1 1 . Unknown Exits Taken 18 | 1 1 1 . 1 1 1 1 1 . . . . . 1 1 1 . . 1 1 1 1 . 1 1 1 . . . . . . . . Scrap Searched 29 | . . 3 . 1 . 1 . . 2 3 2 5 . . . . . . 1 2 . 2 . 3 2 . 2 . . . . . . . Spaces Dug 276 | . . . . . . . . . . . . . 2 . . . 11 2 . 1 5 36 33 4 . . 8 10 39 1 60 55 7 2 Terrain Destroyed 1509 | . . . 2 11 . . 39 83 . . . . 15 23 1 . 335 103 201 78 5 36 186 11 . . 8 15 63 30 64 73 22 105 Melee 12 | . . . . . . . . . . . . . 1 . . . . 2 . . . . . . . . . 9 . . . . . . Projectile 458 | . . . . . . . . 17 . . . . 14 17 1 . 16 4 3 2 5 36 26 11 . . 8 6 63 30 64 73 22 40 AOE 1039 | . . . 2 11 . . 39 66 . . . . . 6 . . 319 97 198 76 . . 160 . . . . . . . . . . 65 Terrain Rammed . | . . . . . . . . . . . . . . . . . . . . . . . . . . . . . . . . . . . Walls Destroyed . | . . . . . . . . . . . . . . . . . . . . . . . . . . . . . . . . . . . Machines Disabled . | . . . . . . . . . . . . . . . . . . . . . . . . . . . . . . . . . . . Actions | -11 -10 -10 -9 -9 -9 -8 -8 -7 -7 -7 -7 -6 -6 -6 -6 -6 -6 -5 -5 -5 -5 -4 -4 -4 -4 -4 -3 -3 -3 -2 -2 -2 -1 -1 --------- Run | Scr Mat Min Mat Min Exi Min Mat Fac Low Low Zio Pro Fac Ext Cet Arc Hub Fac Upp Upp War Pro Fac Upp Upp Zhi Pro Res Tes Res Qua Sec Acc Com Total 27189 | 48 110 941 445 637 425 534 348 2308 532 800 991 594 1043 1253 267 100 384 421 883 753 885 762 1016 1126 459 155 1021 1053 1574 1484 960 1585 273 1019 Wait 2271 | . . 279 5 12 . 14 2 221 23 32 2 27 36 99 67 14 6 5 48 10 4 144 89 63 3 2 477 115 95 62 61 129 71 54 Move 23091 | 43 104 640 399 582 405 511 249 1869 497 758 981 563 942 1045 185 78 326 386 791 717 833 578 845 1007 452 146 533 886 1315 1354 794 1258 185 834 Hop 2 | . . . . . . . . . . . . . . 1 . . . . . . . . . . . . . . . 1 . . . . Pick Up 151 | 2 . 4 2 9 5 . 11 27 . . 2 . 9 2 3 2 2 3 . 2 7 1 6 2 1 2 . 6 15 3 5 12 . 6 Fast Attach 101 | 3 1 4 3 4 . 2 6 7 1 . 2 . 3 2 . . . 4 3 . 3 . 6 1 . 2 . 4 4 4 2 25 . 5 Attach 48 | . . . 1 1 . . 4 8 1 . . . 2 . 1 . . 3 2 1 . . 3 1 1 1 . 1 . 1 . 7 6 3 Detach 25 | . . . 1 . . . . 4 . . . . 1 . . . . . 2 . 2 . . . . . . . 3 2 . 4 3 3 Swap 146 | . . 1 1 1 . 1 7 5 1 . . . 5 3 . . 10 4 5 6 1 1 5 3 2 . 2 3 24 6 16 20 1 12 Drop 179 | . . 1 . 2 . . 12 40 3 1 3 . 10 3 2 2 1 2 1 2 9 1 10 1 . 2 . 12 16 6 6 28 . 3 Fire 1051 | . 5 12 33 26 . 6 57 126 6 9 1 4 34 48 9 4 39 12 27 15 9 37 52 38 . . 9 8 101 45 76 102 7 94 Melee 31 | . . . . . . . . . . . . . 1 . . . . 2 . . . . . 10 . . . 18 . . . . . . Ram . | . . . . . . . . . . . . . . . . . . . . . . . . . . . . . . . . . . . Kick . | . . . . . . . . . . . . . . . . . . . . . . . . . . . . . . . . . . . Crush . | . . . . . . . . . . . . . . . . . . . . . . . . . . . . . . . . . . . Escape Stasis 14 | . . . . . . . . . . . . . . 8 . . . . . . . . . . . . . . 1 . . . . 5 Rewire 79 | . . . . . 15 . . 1 . . . . . 42 . . . . 4 . 17 . . . . . . . . . . . . . Trap . | . . . . . . . . . . . . . . . . . . . . . . . . . . . . . . . . . . . Miscellaneous . | . . . . . . . . . . . . . . . . . . . . . . . . . . . . . . . . . . . Route ------- -11/Scrapyard -10/Materials -10/Mines (discovered 2 exits: *Mat x2) -9/Materials (discovered 2 exits: *Mat / *Min) -9/Mines (discovered 4 exits: *Mat x2 / [*Exi] / *Zio) -9/Exiles -8/Mines (discovered 2 exits: *Mat x2) -8/Materials -7/Factory (discovered 4 exits: *Fac x2 / *Sto / [*Low]) -7/Lower Caves -7/Lower Caves (discovered 2 exits: *Fac / *Zio) -7/Zion -6/Proximity Caves -6/Factory (discovered 5 exits: *Fac x3 / Low / *Ext) -6/Extension (discovered 2 exits: *Fac / *Cet) -6/Cetus (discovered 2 exits: *Fac / *Arc) -6/Archives (discovered 3 exits: *Fac / *Hub x2) -6/Hub_04(d) (discovered 4 exits: *Fac x4) -5/Factory (discovered 2 exits: *Upp x2) -5/Upper Caves -5/Upper Caves (discovered 2 exits: *Fac / *War) -5/Warlord -4/Proximity Caves -4/Factory (discovered 4 exits: *Res x2 / *Upp x2) -4/Upper Caves -4/Upper Caves -4/Zhirov -3/Proximity Caves -3/Research (discovered 5 exits: *Res x2 / Arm / *Tes x2) -3/Testing -2/Research (discovered 4 exits: *Acc x2 / *Qua x2) -2/Quarantine (discovered 2 exits: *Acc / *Sec) -2/Section 7 -1/Access (discovered 2 exits: Sur / *Com) -1/Command Free Derelict Territories History --------- Turn | Location | Event 11 | -11/Scrapyard | Discovered new exit (range 15) 33 | -11/Scrapyard | Entered Materials 90 | -10/Materials | Discovered new exit (range 16) 97 | -10/Materials | Entered Mines 131 | -10/Mines | Discovered new exit (range 14) 147 | -10/Mines | Met a Derelict who couldn't figure out how to use a Trap Extractor 179 | -10/Mines | Met a Derelict bent on vengeance 222 | -10/Mines | Assembled infested the area 227 | -10/Mines | Assisted by a Guerilla fighting off Assembled 312 | -10/Mines | Build established: Mutant 674 | -10/Mines | Learned Materials emergency access door positions 1177 | -10/Mines | Assisted by bots powering up and referring to "LRC-V3" 1183 | -10/Mines | Learned Materials garrison access intel 1309 | -10/Mines | Discovered new exit (range 10) 1336 | -10/Mines | Entered Materials 1336 | -9/Materials | Accompanied by 3 allies 1336 | -9/Materials | Evolved 2 slots: Propulsion x1, Utility x1 1599 | -9/Materials | Identified exit to Mines 1637 | -9/Materials | Central database locked down 1728 | -9/Materials | Discovered new exit (range 16) 2086 | -9/Materials | Entered Mines 2352 | -9/Mines | A weapon hastily lodged in a ceiling crevice suddenly fell to the ground 2529 | -9/Mines | Build established: Scavenger-Mutant 2619 | -9/Mines | Learned Materials security intel 2638 | -9/Mines | Met a Derelict shopkeep closing up shop 2916 | -9/Mines | Learned Materials garrison access intel 2999 | -9/Mines | Discovered new exit (range 12) 3000 | -9/Mines | A Derelict revealed a hidden shortcut to a safe place 3039 | -9/Mines | Discovered new exit (range 6) 3133 | -9/Mines | Deemed a non-threat by the Exiles lab entrance 3135 | -9/Mines | Discovered new exit (range 5) 3153 | -9/Mines | Entered Exiles 3153 | -9/Exiles | Found Exiles lab destroyed 3153 | -9/Exiles | Accompanied by 2 allies 3183 | -9/Exiles | Led the pair of lost Derelicts to a safe place 3799 | -9/Exiles | Discovered new exit (range 11) 3821 | -9/Exiles | Entered Mines 3821 | -8/Mines | Accompanied by 2 allies 4374 | -8/Mines | Discovered new exit (range 5) 4520 | -8/Mines | Discovered new exit (range 14) 4676 | -8/Mines | Entered Materials 4676 | -8/Materials | Accompanied by 1 ally 4676 | -8/Materials | Evolved 2 slots: Propulsion x1, Utility x1 4678 | -8/Materials | Loaded intel: 1 garrison access location 5258 | -8/Materials | Destroyed 8 combat bots 5276 | -8/Materials | Discovered new exit (range 8) 5293 | -8/Materials | Build established: Mutant 5352 | -8/Materials | Entered Factory 5352 | -7/Factory | Evolved 2 slots: Utility x2 5352 | -7/Factory | Found Scrap Engine 5712 | -7/Factory | Fabricated Armor Integrity Analyzer (x1) 6074 | -7/Factory | Discovered new exit (range 12) 6118 | -7/Factory | Identified exit to Storage 6269 | -7/Factory | Discovered new exit (range 16) 6329 | -7/Factory | Identified exit to Factory 7110 | -7/Factory | Build established: Construct 7507 | -7/Factory | Discovered exit to Factory (range 13) 7911 | -7/Factory | Discovered new exit (range 11) 8495 | -7/Factory | Entered Lower Caves 8538 | -7/Lower Caves | Learned Factory security intel 8795 | -7/Lower Caves | Discovered new exit (range 10) 8806 | -7/Lower Caves | Attracted the attention of an 0b10 checkpoint 8857 | -7/Lower Caves | Identified exit to Lower Caves 8857 | -7/Lower Caves | Entered another Lower Caves area 8858 | -7/Lower Caves | Encountered a Warlord checkpoint 8883 | -7/Lower Caves | Learned Factory stockpile data 8986 | -7/Lower Caves | Discovered exit to Factory (range 3) 9269 | -7/Lower Caves | Learned Armory emergency access door positions 9269 | -7/Lower Caves | Learned Armory stockpile data 9269 | -7/Lower Caves | Learned Research garrison access intel 9269 | -7/Lower Caves | Learned Extension garrison access intel 9269 | -7/Lower Caves | Learned Research stockpile data 9269 | -7/Lower Caves | Learned location of 1 exit from Factory 9326 | -7/Lower Caves | Discovered new exit (range 4) 9372 | -7/Lower Caves | Identified exit to Zion 9372 | -7/Lower Caves | Entered Zion 9388 | -7/Zion | Found GAL Module 9409 | -7/Zion | Given the Hacking Drone Bay 9412 | -7/Zion | Found Prototype Device 9412 | -7/Zion | Identified Hacking Drone Bay 9464 | -7/Zion | Discovered new exit (range 10) 9485 | -7/Zion | System corruption cleaned by Quarantine Array 9498 | -7/Zion | Learned location of Quarantine (-2) 9551 | -7/Zion | Given A8's code to call for help 9705 | -7/Zion | Learned location of Recycling (-7) 9971 | -7/Zion | Identified exit to Proximity Caves 9972 | -7/Zion | Entered Proximity Caves 10446 | -6/Proximity Caves | Discovered exit to Factory (range 7) 10452 | -6/Proximity Caves | Entered Factory 10452 | -6/Factory | Evolved 2 slots: Weapon x2 10453 | -6/Factory | Identified exit to Lower Caves 10454 | -6/Factory | Identified exit to Extension 10477 | -6/Factory | Discovered new exit (range 7) 10483 | -6/Factory | Identified exit to Factory 10536 | -6/Factory | Discovered exit to Factory (range 11) 11318 | -6/Factory | Discovered exit to Factory (range 14) 11482 | -6/Factory | Cargo convoy interrupted 11695 | -6/Factory | Entered Extension 11759 | -6/Extension | Rescued a captive Derelict 12143 | -6/Extension | Rescued a captive Derelict 12297 | -6/Extension | Rescued a captive Derelict 12298 | -6/Extension | Rescued a captive Derelict 12418 | -6/Extension | Rescued a captive Derelict 12419 | -6/Extension | Rescued a captive Derelict 12420 | -6/Extension | Disrupted transfer network 12434 | -6/Extension | Rescued a captive Derelict 12450 | -6/Extension | Rescued a captive Derelict 12451 | -6/Extension | Rescued a captive Derelict 12625 | -6/Extension | Warlord forces began an assault 12679 | -6/Extension | Spotted B-75 Beast 12709 | -6/Extension | Spotted B-75 Beast 12797 | -6/Extension | Rescued a captive Derelict 12798 | -6/Extension | Rescued a captive Derelict 12835 | -6/Extension | Rescued a captive Derelict 12837 | -6/Extension | Rescued a captive Derelict 12842 | -6/Extension | Rescued a captive Derelict 13000 | -6/Extension | Rescued a captive Derelict 13002 | -6/Extension | Rescued a captive Derelict 13034 | -6/Extension | Rescued A7 13107 | -6/Extension | Discovered exit to Factory (range 10) 13108 | -6/Extension | Discovered new exit (range 6) 13139 | -6/Extension | Entered Cetus 13139 | -6/Cetus | Accompanied by 13 allies (A7) 13144 | -6/Cetus | Acquired a Cetus Manufacturing Module code from A7 13151 | -6/Cetus | Spotted Cetus Guard 13151 | -6/Cetus | Spotted Cetus Guard 13154 | -6/Cetus | Spotted Cetus Guard 13154 | -6/Cetus | Spotted Cetus Guard 13158 | -6/Cetus | Allies destroyed Cetus Guard 13159 | -6/Cetus | Destroyed Cetus Guard 13162 | -6/Cetus | Allies destroyed Cetus Guard 13166 | -6/Cetus | Allies destroyed Cetus Guard 13205 | -6/Cetus | Started Cetus Manufacturing Module 13213 | -6/Cetus | Escorted A7 to Cetus Mainframe 13222 | -6/Cetus | Discovered new exit (range 16) 13230 | -6/Cetus | Manufactured an Enhanced Grunt 13237 | -6/Cetus | Spotted Cetus Guard 13237 | -6/Cetus | Spotted Cetus Guard 13244 | -6/Cetus | Allies destroyed Cetus Guard 13244 | -6/Cetus | Spotted Cetus Guard 13244 | -6/Cetus | Allies destroyed Cetus Guard 13244 | -6/Cetus | Spotted Cetus Guard 13248 | -6/Cetus | Destroyed Cetus Guard 13255 | -6/Cetus | Manufactured an Enhanced Grunt 13260 | -6/Cetus | Discovered exit to Factory (range 16) 13261 | -6/Cetus | Allies destroyed Cetus Guard 13268 | -6/Cetus | Met Revision 17 13280 | -6/Cetus | Manufactured an Enhanced Grunt 13305 | -6/Cetus | Manufactured an Enhanced Grunt 13330 | -6/Cetus | Manufactured an Enhanced Grunt 13379 | -6/Cetus | Build established: Commander-Construct 13386 | -6/Cetus | Entered Archives 13386 | -6/Archives | Accompanied by 11 allies (A7) 13391 | -6/Archives | Received a hacking code to weaken MAIN.C 13419 | -6/Archives | Discovered exit to Factory (range 15) 13440 | -6/Archives | Unable to access archive contents 13442 | -6/Archives | Discovered new exit (range 16) 13458 | -6/Archives | Discovered new exit (range 13) 13480 | -6/Archives | Entered Hub_04(d) 13480 | -6/Hub_04(d) | Accompanied by 9 allies 13684 | -6/Hub_04(d) | Lost 4 parts (3n1w) 13769 | -6/Hub_04(d) | Garrison activated, responded to threat 13824 | -6/Hub_04(d) | Network Hub disabled 13830 | -6/Hub_04(d) | First assault squad dispatched 13879 | -6/Hub_04(d) | Spotted Lightning 13882 | -6/Hub_04(d) | Spotted Lightning 13894 | -6/Hub_04(d) | Spotted Lightning 13896 | -6/Hub_04(d) | System corruption reached 10% 13904 | -6/Hub_04(d) | Network Hub disabled 13906 | -6/Hub_04(d) | Entered Factory 13906 | -5/Factory | Evolved 2 slots: Power x1, Utility x1 13907 | -5/Factory | Identified exit to Upper Caves 13931 | -5/Factory | Build established: Construct 14223 | -5/Factory | Discovered exit to Upper Caves (range 16) 14301 | -5/Factory | Entered Upper Caves 14533 | -5/Upper Caves | Attracted the attention of an 0b10 outpost 14600 | -5/Upper Caves | Learned location of 1 exit from Factory 14687 | -5/Upper Caves | Attracted the attention of an 0b10 checkpoint 15055 | -5/Upper Caves | Discovered new exit (range 7) 15120 | -5/Upper Caves | Entered another Upper Caves area 15146 | -5/Upper Caves | Encountered a Warlord checkpoint 15330 | -5/Upper Caves | Discovered new exit (range 9) 15366 | -5/Upper Caves | Learned Factory garrison access intel 15714 | -5/Upper Caves | Learned location of 1 exit from Factory 15740 | -5/Upper Caves | Attracted the attention of an 0b10 outpost 15800 | -5/Upper Caves | Discovered new exit (range 5) 15804 | -5/Upper Caves | Entered Warlord 15960 | -5/Warlord | Visited the Vortex Lab 15969 | -5/Warlord | Found Prototype Launcher 15969 | -5/Warlord | Identified Vortex Catalyst Activator 15972 | -5/Warlord | Found Prototype Piercing Weapon 15974 | -5/Warlord | Found Prototype Piercing Weapon 15978 | -5/Warlord | Warlord's base attacked by MAIN.C 16232 | -5/Warlord | Met Warlord 16328 | -5/Warlord | Warlord forces counterattacked 16401 | -5/Warlord | Found Prototype Device 16401 | -5/Warlord | Identified Exp. Phase Shifter 16406 | -5/Warlord | Found Prototype Processor 16410 | -5/Warlord | Found Prototype Hackware 16544 | -5/Warlord | Found Corrupted Prototype Processor 16579 | -5/Warlord | Spotted Executioner 16580 | -5/Warlord | Discovered new exit (range 9) 16587 | -5/Warlord | Entered Proximity Caves 16661 | -4/Proximity Caves | Learned 12 Research zone layouts 16680 | -4/Proximity Caves | Learned Research security intel 16722 | -4/Proximity Caves | Learned Research trap positions 16889 | -4/Proximity Caves | Spotted B-86 Titan 17290 | -4/Proximity Caves | Discovered new exit (range 10) 17306 | -4/Proximity Caves | Found Alien Artifact 17311 | -4/Proximity Caves | Entered Factory 17311 | -4/Factory | Evolved 2 slots: Utility x1, Weapon x1 17312 | -4/Factory | Identified exit to Research 17313 | -4/Factory | Loaded intel: 4 garrison access locations 17392 | -4/Factory | Identified exit to DSF 17428 | -4/Factory | Identified System Mapper 17585 | -4/Factory | Identified exit to Upper Caves 17712 | -4/Factory | Destroyed 9 combat bots 17726 | -4/Factory | Build established: Hacker-Construct 17806 | -4/Factory | Identified Exp. Targeting Computer 17806 | -4/Factory | Identified Spectral Analyzer 17806 | -4/Factory | Identified Dimensional Node Initializer 17851 | -4/Factory | Identified Vortex Lance (x2) 18016 | -4/Factory | Repaired Broken Exp. Targeting Computer 18040 | -4/Factory | Entered Upper Caves 18239 | -4/Upper Caves | Learned Research emergency access door positions 18258 | -4/Upper Caves | Encountered a Warlord checkpoint 18634 | -4/Upper Caves | Attracted the attention of an 0b10 checkpoint 18708 | -4/Upper Caves | Discovered new exit (range 6) 18710 | -4/Upper Caves | Entered another Upper Caves area 18807 | -4/Upper Caves | Learned location of 1 exit from Research 18892 | -4/Upper Caves | Discovered new exit (range 2) 18935 | -4/Upper Caves | Entered Zhirov 18935 | -4/Zhirov | Discovered new exit (range 3) 18944 | -4/Zhirov | Met Zhirov 18955 | -4/Zhirov | Learned location of Testing (-3) 18955 | -4/Zhirov | Learned location of Command (-1) 18958 | -4/Zhirov | Zhirov requested help retrieving the SGEMP Prototype 18966 | -4/Zhirov | Found Alien Artifact 18966 | -4/Zhirov | Identified Integrated Reactor 18966 | -4/Zhirov | Installed Integrated Reactor, increased core energy generation (+10) 18987 | -4/Zhirov | Found Alien Artifact 19013 | -4/Zhirov | Build established: Hacker-Mutant 19015 | -4/Zhirov | Entered Proximity Caves 19759 | -3/Proximity Caves | Discovered exit to Research (range 8) 19769 | -3/Proximity Caves | Entered Research 19769 | -3/Research | Evolved 2 slots: Propulsion x1, Utility x1 19770 | -3/Research | Identified exit to Research 19771 | -3/Research | Identified exit to Armory 19772 | -3/Research | Loaded intel: 84 trap records 19776 | -3/Research | Loaded intel: 3 garrison access locations 19796 | -3/Research | Identified Transdimensional Reconstructor 19886 | -3/Research | Fabricated Enh. Nova Cannon (x1) 19934 | -3/Research | Spotted B-86 Titan 19969 | -3/Research | Revision forces began assault on 0b10 20030 | -3/Research | Discovered exit to Research (range 16) 20093 | -3/Research | Identified exit to Testing 20149 | -3/Research | Fabricated Exp. Targeting Computer? 20216 | -3/Research | Repaired Broken Adv. Particle Charger 20228 | -3/Research | Met up with Revision 17++ 20345 | -3/Research | Build established: Hacker-Construct 20399 | -3/Research | Entered Testing 20558 | -3/Testing | Protovariant out of control (PG-BOP6N14V6Y) 20558 | -3/Testing | Unleashed a protovariant (PG-BOP6N14V6Y) 20593 | -3/Testing | Garrison activated, responded to threat 20615 | -3/Testing | Scanned by Researcher 20821 | -3/Testing | Found Prototype Launcher 20851 | -3/Testing | Spotted Striker 20882 | -3/Testing | Destroyed Striker 20888 | -3/Testing | Spotted Striker 20915 | -3/Testing | Destroyed Striker 20946 | -3/Testing | Spotted Alpha 7 20981 | -3/Testing | Destroyed Alpha 7 21004 | -3/Testing | Stole the SGEMP Prototype 21041 | -3/Testing | Found Prototype Device 21041 | -3/Testing | Identified Adv. EM Disruption Field 21100 | -3/Testing | Protovariant out of control (PX-MQET7VS9KW) 21100 | -3/Testing | Unleashed a protovariant (PX-MQET7VS9KW) 21127 | -3/Testing | Repaired Weapon Mount 21231 | -3/Testing | Found Prototype Protection 21269 | -3/Testing | Discovered exit to Research (range 5) 21619 | -3/Testing | Unstable Terrabomb Derivative detonated 21668 | -3/Testing | Entered Research 21668 | -2/Research | Warlord forces began assault on 0b10 21668 | -2/Research | Evolved 2 slots: Power x1, Utility x1 21733 | -2/Research | Identified exit to Quarantine 21756 | -2/Research | Met up with Warlord 21778 | -2/Research | Research machine network offline 21937 | -2/Research | Found Prototype Device 21937 | -2/Research | Identified Exp. Sensor Array 21939 | -2/Research | Found Exp. Sensor Array 21985 | -2/Research | Borebot progress halted 22072 | -2/Research | Borebot progress halted 22111 | -2/Research | Spotted Executioner 22116 | -2/Research | Spotted Executioner 22127 | -2/Research | Build established: Generator-Construct 22136 | -2/Research | Destroyed BP-KS1(K) 22192 | -2/Research | Spotted Striker 22194 | -2/Research | Destroyed Striker 22258 | -2/Research | Destroyed Executioner 22267 | -2/Research | Destroyed Executioner 22290 | -2/Research | Discovered new exit (range 13) 22327 | -2/Research | Borebot progress halted 22347 | -2/Research | Spotted Executioner 22348 | -2/Research | Spotted Executioner 22382 | -2/Research | Spotted Striker 22385 | -2/Research | Spotted Executioner 22385 | -2/Research | Spotted Executioner 22644 | -2/Research | Found Prototype Device 22644 | -2/Research | Identified Adv. Kinecellerator 22668 | -2/Research | Warlord invited to help at Command 22682 | -2/Research | Found Prototype Processor 22682 | -2/Research | Identified Exp. Core Analyzer 22737 | -2/Research | Spotted Striker 22809 | -2/Research | Identified exit to Access 22886 | -2/Research | Spotted Striker 22893 | -2/Research | Destroyed Striker 22896 | -2/Research | Spotted Striker 22914 | -2/Research | Destroyed Striker 22941 | -2/Research | Destroyed 9 combat bots 23018 | -2/Research | Discovered exit to Access (range 6) 23044 | -2/Research | Spotted Striker 23045 | -2/Research | Destroyed Striker 23065 | -2/Research | Entered Quarantine 23084 | -2/Quarantine | Found Alien Artifact 23116 | -2/Quarantine | Found Alien Artifact 23167 | -2/Quarantine | Found Alien Artifact 23423 | -2/Quarantine | Identified Core Reset Matrix 23423 | -2/Quarantine | Identified Phase Armor 23423 | -2/Quarantine | Identified Phase Redirector 23463 | -2/Quarantine | Found Alien Artifact 23472 | -2/Quarantine | Found Alien Artifact 23472 | -2/Quarantine | Identified Subatomic Replicator 23629 | -2/Quarantine | Identified Hpw. Transdimensional Reconstructor 23629 | -2/Quarantine | Identified Hellfire Missile Launcher 23647 | -2/Quarantine | Spotted Fortress 23670 | -2/Quarantine | Discovered new exit (range 6) 23672 | -2/Quarantine | Identified exit to Section 7 23714 | -2/Quarantine | Entered Section 7 23740 | -2/Section 7 | Spotted S7 Guard 23830 | -2/Section 7 | Destroyed S7 Guard 23862 | -2/Section 7 | Found Alien Artifact 23862 | -2/Section 7 | Identified Core Membrane 23862 | -2/Section 7 | Installed Core Membrane, gained immunity to corruption 23871 | -2/Section 7 | Found Alien Artifact 23871 | -2/Section 7 | Identified Integrated Mediator 23871 | -2/Section 7 | Installed Integrated Mediator, increased core attachment efficiency. 24117 | -2/Section 7 | Initialized slip node 24142 | -2/Section 7 | Found Alien Artifact 24142 | -2/Section 7 | Identified Spacefold Activator 24192 | -2/Section 7 | Found Alien Artifact 24192 | -2/Section 7 | Identified Integrity Redistributor 24192 | -2/Section 7 | Used Integrity Redistributor, redistributed integrity from core (-131) 24262 | -2/Section 7 | Spotted S7 Guard 24264 | -2/Section 7 | Found Alien Artifact 24264 | -2/Section 7 | Identified Core Physics Calibrator 24335 | -2/Section 7 | Found Alien Artifact 24347 | -2/Section 7 | Found Alien Artifact 24347 | -2/Section 7 | Identified Integrated Dissipator 24347 | -2/Section 7 | Installed Integrated Dissipator, increased core heat dissipation (+20) 24356 | -2/Section 7 | Spotted S7 Guard 24362 | -2/Section 7 | Found Alien Artifact 24362 | -2/Section 7 | Identified Core Regenerator 24362 | -2/Section 7 | Used Core Regenerator, restored core integrity (+220) 24371 | -2/Section 7 | Identified Microwarp Drive 24376 | -2/Section 7 | Spotted Executioner 24376 | -2/Section 7 | Spotted Executioner 24381 | -2/Section 7 | Spotted B-99 Colossus 24391 | -2/Section 7 | Found Alien Artifact 24391 | -2/Section 7 | Identified LRC Armor 24391 | -2/Section 7 | Installed LRC Armor, increased core integrity (+250) 24397 | -2/Section 7 | Found Alien Artifact 24397 | -2/Section 7 | Identified LRC Energy Well 24397 | -2/Section 7 | Installed LRC Energy Well, increased energy storage capacity (+250) 24443 | -2/Section 7 | Found Alien Artifact 24458 | -2/Section 7 | Used Subatomic Replicator to replicate Alien Energy Cannon 24505 | -2/Section 7 | Found Alien Artifact 24590 | -2/Section 7 | Spotted Striker 24590 | -2/Section 7 | Spotted Striker 24649 | -2/Section 7 | Found Transdimensional Reconstructor 24650 | -2/Section 7 | Warped through subspace to slip node 24651 | -2/Section 7 | Entered Access 24651 | -1/Access | Evolved 2 slots (calibrated): -Power x1, -Propulsion x1, Utility x1, Weapon x3 24652 | -1/Access | Loaded intel: 117 machine locations 24652 | -1/Access | Loaded intel: 65 trap records 24652 | -1/Access | Identified exit to Surface 24652 | -1/Access | Discovered exit to Surface (range 50) 24652 | -1/Access | Identified exit to Command 24652 | -1/Access | Discovered exit to Command (range 109) 24652 | -1/Access | Delivered the SGEMP Prototype to Zhirov 24652 | -1/Access | Zhirov transferred Access data 25151 | -1/Access | Spotted B-99 Colossus 25190 | -1/Access | Entered Command 25348 | -1/Command | Identified SHELL Armor 26527 | -1/Command | Found Antimissile System 26641 | -1/Command | Found Gamma Bomb Array 26659 | -1/Command | Repaired Broken Energy Mantle 26732 | -1/Command | First assault squad dispatched 26914 | -1/Command | Destroyed 10 combat bots 27135 | -1/Command | Build established: Hacker-Gunner 27311 | -1/Command | Disengaged cave seal 27311 | -1/Command | Derelicts emerged from the dark tunnel 27312 | -1/Command | Welcomed Warlord to Command 27374 | -1/Command | Disengaged cave seal 27374 | -1/Command | Derelicts emerged from the dark tunnel 27654 | -1/Command | Spotted M Guard 27654 | -1/Command | Spotted Combat Programmer 27655 | -1/Command | Warlord commented on Warlord statues 27658 | -1/Command | Spotted M Guard 27658 | -1/Command | Spotted Combat Programmer 27671 | -1/Command | Destroyed M Guard 27673 | -1/Command | Combat Programmer assimilated allied 16-J5L(i) 27676 | -1/Command | Combat Programmer assimilated allied AJ-LZZ(g) 27680 | -1/Command | Destroyed M Guard 27681 | -1/Command | Combat Programmer assimilated allied ON-EFW(g) 27685 | -1/Command | Combat Programmer assimilated allied WA-QEG(g) 27685 | -1/Command | All MAIN.C guards destroyed 27688 | -1/Command | Spotted WA-QEG(g) 27773 | -1/Command | 0b10 Conduit disabled 27775 | -1/Command | Met MAIN.C 27777 | -1/Command | Hacked MAIN.C using A7's code 27799 | -1/Command | MAIN.C activated Command garrisons 27835 | *** | Establishing Free Derelict Territories! Last Messages --------------- 27829_ Hpw. Kinetic Gauss Construct/C disintegrated. 27829_ Arm. Scrap Engine damaged due to network destabilization (-10). 27829_ Knocked back. 27831_ Blast Slug penetrates 0b10 Conduit. 27831_ Blast Slug penetrates MAIN.C. 27833_ Hpw. Electro Construct/C blasted off. 27833_ Hpw. Electro Construct/C disintegrated. 27833_ Hpw. Electro Construct/C core remains intact and functional. 27834_ Blast Slug penetrates MAIN.C. 27834_ MAIN.C: "I hope you know you're still going to DIE HERE WITH ME!" 27834_ MAIN.C destroyed. 27835_ C-30 ARC bursts open, deploying its payload. 27835_ G-73 Enforcer unfolds itself. 27835_ B-74 Champion unfolds itself. 27835_ L-61 Swordsman unfolds itself. 27835_ E-15 Imp unfolds itself. ZY-L1N: Victory! Sure there's still lots to do, but without MAIN.C at the helm 0b10 doesn't stand a chance. We've got this... Map ----- +----------------------------------------------------+ | ?????????????????????????????????????????????????? | | ?????????????????????????????????????????????????? | | ?????????????????????????????????????????????????? | | ?????????????????????????????????????????????????? | | ?????????????????????????????????????????????????? | | ?????????????????????????????????????????????????? | | ?????????????????????????????????????????????????? | | ?????????????????????????????????????????????????? | | ?????????????????????????????????????????????????? | | ?????????????????????????????????????????????????? | | ?????????????????????????????????????????????????? | | ?????????????????????????????????????????????????? | | ?????????????????????????????????????????????????? | | ?????????????????????????????????????????????????? | | ?????????????????????????????????????????????????? | | ?????????????????????????????????????????????????? | | ?????????????????????????????????????????????????? | | ?????????????????????????????????????????????????? | | ?????????????????????????????????????????????????? | | ?????????????????????????????????????????????????? | | ?????????????????????????????????????????????????? | | ????????################?????????????????????????? | | ??????"""" """" ?????????????????????????? | | ?????? "" ?????????????????????????? | | ??????"" "" #######################??? | | ?????????""""" /@ b #??? | | ???????" """ / le #??? | | ????????""""" W l %g i #??? | | ???????""" ################### gl#??? | | ???????"""" " ??????????????????# #??? | | ????? ??????????????????# ##?# | | ????? "??????????????????# T#?# | | ????"""" """??????????????????#+++#### | | ????? """??????????????????# | | ????? """""???????????????????# ] | | ????? $ " " "???????????????????# | | ????? " " "???????????????????# | | | ????? " " " """" ????????????????????# ! | | ????? """ " " """????????????????????# # | | ?????? ? " " ?"?????????????????????###### | | ??????????"?""?" ??????????????????????????????### | | ?????????"???????????????????????????????????????? | | ?????????????????????????????????????????????????? | | ?????????????????????????????????????????????????? | | ?????????????????????????????????????????????????? | | ?????????????????????????????????????????????????? | | ?????????????????????????????????????????????????? | | ?????????????????????????????????????????????????? | | ?????????????????????????????????????????????????? | | ?????????????????????????????????????????????????? | +----------------------------------------------------+ Best States ------------- Heat Dissipation 77 Coolant Potential 120 Energy Generation 143 Energy Capacity 3823 Matter Stores 300 Matter Capacity 300 Sight Range 24 Robot Scan Range 20 Terrain Scan Range 18 Terrain Scan Density 10 ECM Strength 1 Jamming Range 16 Cloak Strength 3 Additional Mass Support 9 Base Temperature (-) 200 Armor Coverage 900 Resistance: KI 30 Resistance: EM 50 Point Defense Rating 240 Weapon Cycling 25 Phase Shifting 20 Evasion (%) 72 Targeting Accuracy 44 Core Analysis 8 Recoil Reduction 5 Particle Charging 25 Kinecelleration 50 Offensive Hacking 34 Defensive Hacking 24 Authchip Count 1 Item Schematics ----------------- Imp. Salvage Targeting Computer | -7/Factory | Scanalyzed Adv. Weight Redist. System | -7/Factory | Scanalyzed Adv. Visual Processing Unit | -7/Factory | Scanalyzed Mak. Hammer | -7/Factory | Scanalyzed Weapon Cycler | -7/Factory | Scanalyzed Imp. Signal Interpreter | -7/Factory | Scanalyzed Transport Network Coupler | -7/Factory | Scanalyzed Imp. Melee Analysis Suite | -7/Zion | Archive Fission Core | -7/Zion | Archive Med. Treads | -7/Zion | Archive Angular Momentum Engine | -7/Zion | Archive Mak. Terrain Scan Processor | -7/Zion | Archive Imp. EM Pulse Cannon | -7/Zion | Archive Stasis Canceller | -7/Zion | Archive Antigrav System | -7/Zion | Archive Enh. Gauss Cannon | -7/Zion | Archive Hvy. Battle Rifle | -7/Zion | Archive Adv. Heat Sink | -7/Zion | Archive System Restoration Module | -7/Zion | Archive Phase Cannon | -7/Zion | Archive Mak. Hacking Suite | -7/Zion | Archive Exp. Targeting Computer | -4/Factory | Scanalyzed Spectral Analyzer | -4/Factory | Scanalyzed Matter Neutralizer | -4/Factory | Hacked Phase Gun | -4/Factory | Hacked Assault Drone Bay | -4/Zhirov | Free Exp. Heat Sink | -4/Zhirov | Free Exp. Optical Array | -4/Zhirov | Free Imp. Arc Thrower | -4/Zhirov | Free Shock Maul | -3/Testing | Archive Molecular Scythe | -3/Testing | Archive Cld. Field Propulsion Drive | -3/Testing | Archive Cld. Phase Cannon | -3/Testing | Archive Lgt. Regenerative Plating | -3/Testing | Hacked Hvy. Regenerative Plating | -3/Testing | Hacked Weapon Mount | -3/Testing | Scanalyzed Adv. Plasma Rifle | -2/Section 7 | Archive Exp. Field Recycling Unit | -2/Section 7 | Archive Robot Schematics ------------------ T-07 Excavator | -7/Zion | Archive Y-45 Defender | -7/Zion | Archive A-02 Transporter | -7/Zion | Archive X-82 Rainmaker | -7/Zion | Archive D-83 Annihilator | -2/Section 7 | Archive Fabricated ------------ Armor Integrity Analyzer | x1 | -7/Factory | Preloaded Enh. Nova Cannon | x1 | -3/Research | Preloaded Exp. Targeting Computer | x1 | -3/Research Alien Tech Used ----------------- Integrated Reactor Phase Redirector Subatomic Replicator Core Membrane Integrated Mediator Dimensional Node Initializer Spacefold Activator Integrity Redistributor Core Physics Calibrator Integrated Dissipator Core Regenerator Microwarp Drive LRC Armor LRC Energy Well Phase Armor Transdimensional Reconstructor Achievements -------------- Perfect Aim Challenges ------------ None Game ------ Seed TitaniumSeismicExpander Manual? 0 Play Time 07:55:55 Cumulative 374.8 hours Start 2022.09.17 @ 20:18:11 End 2022.09.22 @ 22:03:44 Sessions 3 Manual Loads 0 Difficulty Rogue Special Mode None Game No. 175 Rogue 171 Adventurer 0 Explorer 4 Win Type 7 Total 20 Types 5/1/2/4/1/2/3/1/1 Lore% 84 Gallery% 88 Achievement% 78 Wizard Run 0 Options --------- ASCII 0 Keyboard 0 Movement Mouse Keybinds 0 Fullscreen 1 Font 18/SmallcapsGlow Map View 76x50 Tactical HUD 1 Map Filters NONE Filters NONE Steam 1 RUN: 017dfecd-e01e-4e02-94fa-24a69c40b236